 Dungeon Crawl Stone Soup version 0.31-a0-221-gbddc013574 (webtiles) character file.

Game seed: 18172639321955101312

514717 qw the Slayer (level 25, -3/172 (176) HPs)
             Began as a Gargoyle Fighter on July 4, 2023.
             Was a Priest of Okawaru.
             Slain by a black draconian
             ... wielding a +0 glaive
             ... led by a white draconian stormcaller
              (12 damage)
             ... on level 2 of the Realm of Zot.
             The game lasted 00:36:23 (48328 turns).

qw the Slayer (Gargoyle Fighter)                   Turns: 48328, Time: 00:36:24

HP:   -3/172 (176)  AC: 61    Str: 44    XL:     25   Next: 16%
MP:   24/24         EV: 18    Int:  5    God:    Okawaru [***...]
Gold: 1923          SH: 27    Dex: 15    Spells: 24/24 levels left

rFire   + . .        y - +4 broad axe of Grandeur {flame, rElec Dex+3}
rCold   + + +        B - +2 tower shield {rF+}
rNeg    + . .        v - +9 plate armour {rPois}
rPois   inf          (helmet restricted)
rElec   +            J - +2 cloak "Ozant" {Rampage rC+ SInv}
rCorr   .            u - +2 pair of gloves
SInv    +            f - +1 pair of boots of Forking Paths {rC++ Regen+ Int-2}
Will    +++..        H - amulet of faith Stlth
                     i - ring "Xodeumuy" {Will+ Str+6}
HPRegen 1.28/turn    K - ring "Egacseg" {Fly rElec Will+ Str+6 Int-3}
MPRegen 0.19/turn

%: clarity, rampage, faith
@: about to teleport, heroic, flying, lightly drained
A: sickness immunity, AC +19, big wings, negative energy resistance 1,
electricity resistance, torment resistance 1, petrification resistance, horns 1,
agile 1, clarity, low MP 2, strong 1, wild magic 1
}: 3/15 runes: serpentine, barnacled, silver
a: Renounce Religion, Heroism


You were on level 2 of the Realm of Zot.
You worshipped Okawaru.
Okawaru was most pleased with you.
You visited 9 branches of the dungeon, and saw 42 of its levels.
You visited 1 bazaar.
You also visited: Sewer and Desolation.

You collected 6236 gold pieces.
You spent 4313 gold pieces at shops.


Innate Abilities, Weirdness & Mutations

You are immune to sickness and miasma.
Your stone body is resilient. (AC +19)
You are immune to poison.
Your large and strong wings let you fly.
You resist negative energy. (rN+)
You are resistant to electric shocks. (rElec)
You are resistant to unholy torment.
You are immune to petrification.
You have a pair of small horns on your head.
You are agile. (Dex +4, Str/Int -1)
You possess an exceptional clarity of mind.
Your magical capacity is very low. (-20% MP)
Your muscles are strong. (Str +4, Int/Dex -1)
Your spells are a little harder to cast, but a little more powerful.


   Skills:
 + Level 23.4(27) Fighting
 - Level 18.0(23.0) Axes
 - Level 13.0(18.0) Throwing
 - Level 21.4(26.4) Armour
 - Level 11.0(16.0) Dodging
 - Level 22.0(27) Shields
 - Level 10.0 Invocations


You had 24 spell levels left.
You didn't know any spells.
Your spell library was empty.

Inventory:

Hand Weapons
 c - a +4 broad axe of flaming
 y - the +4 broad axe of Grandeur (weapon) {flame, rElec Dex+3}
   (Okawaru gifted it to you on level 4 of the Snake Pit)

   Dex:       It affects your dexterity (+3).
   rElec:     It insulates you from electricity.
 E - a +6 war axe of holy wrath
Missiles
 h - 63 boomerangs
 r - 6 boomerangs of dispersal
 T - 7 javelins (quivered)
Armour
 b - the +1 pair of boots "Honk" {rN+ Regen+ Dex+4}
   (You acquired it on level 2 of the Orcish Mines)

   Dex:       It affects your dexterity (+4).
   rN:        It protects you from negative energy.
   Regen:     It increases your rate of health regeneration.
 f - the +1 pair of boots of Forking Paths (worn) {rC++ Regen+ Int-2}
   (You acquired it on level 1 of the Dungeon)

   Int:       It affects your intelligence (-2).
   rC:        It greatly protects you from cold.
   Regen:     It increases your rate of health regeneration.
 g - the +0 pair of gloves of Varaent {rC+++}
   (Okawaru gifted it to you on level 4 of the Lair of Beasts)

   rC:        It renders you almost immune to cold.
 t - the +0 scale mail of the Realm of Zot {rF+ rCorr Dex-5}
   (You found it on level 1 of the Shoals)

   Dex:       It affects your dexterity (-5).
   rF:        It protects you from fire.
   rCorr:     It protects you from acid and corrosion.
 u - a +2 pair of gloves (worn)
 v - a +9 plate armour of poison resistance (worn)
 w - the +15 Maxwell's patent armour {-Cast -Tele rElec Will+ rCorr}
   (You found it on level 15 of the Dungeon)

   rElec:     It insulates you from electricity.
   -Cast:     It prevents spellcasting.
   -Tele:     It prevents most forms of teleportation.
   rCorr:     It protects you from acid and corrosion.
   Will:      It increases your willpower.
 z - the +1 cloak "Gacoetor" {rElec rF- rCorr Int+5}
   (You bought it in a shop on level 2 of the Orcish Mines)

   Int:       It affects your intelligence (+5).
   rF:        It makes you vulnerable to fire.
   rElec:     It insulates you from electricity.
   rCorr:     It protects you from acid and corrosion.
 B - a +2 tower shield of fire resistance (worn)
 I - a +1 cloak of willpower
 J - the +2 cloak "Ozant" (worn) {Rampage rC+ SInv}
   (You found it on level 2 of the Vaults)

   rC:        It protects you from cold.
   SInv:      It lets you see invisible.
   Rampage:   It bestows one free step when moving towards enemies.
 O - +0 gold dragon scales
Jewellery
 i - the ring "Xodeumuy" (left hand) {Will+ Str+6}
   (You found it on level 1 of the Shoals)

   [ring of strength]

   Str:       It affects your strength (+6).
   Will:      It increases your willpower.
 l - the amulet of the Hippo {Will+ Regen+ Dex+6}
   (You acquired it on level 1 of the Dungeon)

   [amulet of regeneration]

   Dex:       It affects your dexterity (+6).
   Regen:     It increases your rate of health regeneration.
   Will:      It increases your willpower.
 F - a ring of protection from fire
 H - an amulet of faith (around neck)
 K - the ring "Egacseg" (right hand) {Fly rElec Will+ Str+6 Int-3}
   (You took it off a frost giant on level 3 of the Depths)

   [ring of strength]

   Str:       It affects your strength (+6).
   Int:       It affects your intelligence (-3).
   rElec:     It insulates you from electricity.
   Fly:       It grants you flight.
   Will:      It increases your willpower.
 L - the ring "Qeluimixt" {*Corrode rC+++ Str-3 Int+2 SInv}
   (You found it on level 4 of the Shoals)

   [ring of see invisible]

   Str:       It affects your strength (-3).
   Int:       It affects your intelligence (+2).
   rC:        It renders you almost immune to cold.
   SInv:      It lets you see invisible.
   *Corrode:  It may corrode you when you take damage.
 M - the ring "Hucan" {Fire Will+}
   (You found it in the Desolation of Salt)

   [ring of fire]

   It enhances your fire magic.
   rF:        It protects you from fire.
   rC:        It makes you vulnerable to cold.
   Will:      It increases your willpower.
 N - a ring of protection from fire
 P - a ring of resist corrosion
 S - a ring of resist corrosion
Wands
 x - a wand of digging (16)
Scrolls
 o - 11 scrolls of identify
 s - 2 scrolls of brand weapon
 A - 4 scrolls of teleportation
 G - a scroll of enchant weapon
Potions
 a - 17 potions of curing
 d - 7 potions of might
 e - 4 potions of enlightenment
 j - 3 potions of cancellation
 m - 6 potions of haste
 n - 3 potions of magic
 p - 3 potions of attraction
 q - 2 potions of mutation
 C - 4 potions of lignification
 Q - a potion of resistance

Dungeon Overview and Level Annotations

Branches:
Dungeon (15/15)            Temple (1/1) D:5            Lair (5/5) D:8
 Shoals (4/4) Lair:2        Snake (4/4) Lair:3        Slime (0/5) Lair:5
    Orc (2/2) D:9             Elf (0/3) Orc:2        Vaults (5/5) D:14
  Crypt (0/3) Vaults:3     Depths (4/4) D:15            Zot (2/5) Depths:4
  Sewer (visited)         Desolation (visited)

Altars:
Ashenzari
Cheibriados
Dithmenos
Elyvilon
Fedhas
Gozag
Hepliaklqana
Kikubaaqudgha
Makhleb
Nemelex Xobeh
Okawaru
Qazlal
Ru
Sif Muna
Trog
Uskayaw
Vehumet
Wu Jian
Xom
Yredelemnul
Zin
The Shining One
Jiyva

Shops:
D:6 (   D:10 :   Orc:2 *:[??   Snake:2 ([=   Snake:4 [::=   Vaults:4 *

Portals:
Hell: Depths:1 Depths:2 Depths:3 Depths:4
Abyss: Depths:3
Pandemonium: Orc:2 Depths:2
Ziggurat: Depths:1

Annotations:
D:9 1 runed translucent door, qw's ghost, novice GrHs
D:10 2 transporters
D:13 3 runed translucent doors
Snake:3 Azrael
Snake:4 1 runed translucent door
Orc:2 5 runed translucent doors, qw's ghost, adept GrFi
Vaults:3 2 transporters, theMacoje's ghost, adept OgHs
Depths:1 exclusion: 3 stone giants
Depths:2 1 runed translucent door, Daehemof's ghost, veteran GrHu
Zot:2 Parghit


Message History

You hit Parghit but do no damage. You headbutt Parghit, but do no damage.
Parghit is lightly wounded.
Parghit misses you. Parghit claws you but does no damage.
You block Parghit's attack.
The black draconian hits you but does no damage.
You barely miss Parghit. You headbutt Parghit, but do no damage.
You barely miss Parghit.
You block Parghit's attack. x3; You block the black draconian's attack.
You slice Parghit!! You burn Parghit.
Parghit is moderately wounded.
You block Parghit's attack. Parghit claws you but does no damage.
You block Parghit's attack. You block the black draconian's attack.
You hit Parghit but do no damage. Your headbutt misses Parghit.
Parghit is lightly wounded.
You block Parghit's attack. x3
You carve Parghit like a ham!!! You burn Parghit. Your headbutt misses Parghit.
Parghit is heavily wounded.
You block the black draconian's attack.
You hit Parghit but do no damage. You headbutt Parghit.
Parghit is heavily wounded.
Parghit growls, "You tougher than dragon?"
You block Parghit's attack. Parghit claws you!! Parghit completely misses you.
The black draconian misses you.
You closely miss Parghit.
Parghit is moderately wounded.
The white draconian stormcaller invokes the aid of Qazlal against you.
Qazlal smites you! Parghit misses you. You block Parghit's attack.
Parghit claws you but does no damage.
You slice Parghit!! You burn Parghit.
Parghit is moderately wounded.
You block the black draconian's attack.
You hit Parghit but do no damage. You headbutt Parghit, but do no damage.
Parghit is moderately wounded.
You block Parghit's attack. Parghit claws you but does no damage.
You block Parghit's attack. The black draconian closely misses you.
You slash Parghit! You burn Parghit.
Parghit is lightly wounded.
Parghit bites you but does no damage. You block Parghit's attack. x2
The black draconian hits you from afar with a +0 glaive!
You die...

.. .. ... ..
#.# .. # #.#
.. #'### #.#
## ......#.#
.....d#.####.#
~~~~~.))[....#
~~~ #@#
#~.#T#####
#~q'qk...#
#~.#.###(##
#~.#......# ~#
#~ ######.#
.~~ ~~ #.#
######... ..
#.# #.......#
### #.##


You could see Parghit, a black draconian, a white draconian stormcaller and a
death drake (summoned).

Vanquished Creatures
  A dread lich (Vaults:5)
  An ancient lich (Vaults:5)
  Mara (Vaults:2)
  A juggernaut (Depths:3)
  Margery (Vaults:2)
  Bai Suzhen (Vaults:3)
  Saint Roka (Vaults:4)
  Vashnia (Snake:3)
  Xtahua (Vaults:3)
  12 caustic shrikes (Depths:3)
  Jory (Vaults:2)
  6 golden dragons
  2 bone dragons (Depths:4)
  Jorgrun (Snake:3)
  A Hell Sentinel (Vaults:3)
  8 tentacled monstrosities
  9 liches
  Asterion (Depths:2)
  2 walking frostbound tomes (Depths:3)
  A quicksilver dragon (Vaults:5)
  4 titans
  A kraken (Shoals:1)
  7 storm dragons
  4 death cobs
  8 sphinxes
  2 tengu reavers
  9 shadow dragons
  Donald (Vaults:1)
  4 draconian monks
  Roxanne (D:14)
  A draconian knight (Zot:2)
  8 fire giants
  10 frost giants
  3 iron dragons
  A draconian scorcher (Zot:2)
  3 ghost moths (Depths:2)
  2 emperor scorpions (Depths:2)
  Aizul (Snake:3)
  2 imperial myrmidons (Desolation)
  4 draconian shifters
  20 vault wardens
  2 draconian stormcallers
  2 spriggan defenders (Depths:3)
  7 ironbound thunderhulks
  A formless jellyfish (shapeshifter) (Vaults:5)
  5 draconian annihilators
  3 reapers (D:13)
  An orc warlord (Vaults:3)
  15 ironbound preservers
  6 formless jellyfish
  A war gargoyle (Vaults:5)
  13 stone giants
  21 very ugly things
  2 black draconians (Depths:4)
  2 green draconians
  2 vampire knights
  5 red draconians
  2 deep elf annihilators (Vaults:5)
  4 purple draconians
  4 white draconians
  A dire elephant (shapeshifter) (Vaults:5)
  2 halazid warlocks (Desolation)
  5 dire elephants
  3 yellow draconians
  An ettin (shapeshifter) (Vaults:5)
  10 ettins
  5 merfolk javelineers
  10 fire dragons
  3 deep elf death magi
  Josephine (Shoals:1)
  8 merfolk impalers
  2 green deaths (Depths:2)
  16 yaktaur captains
  6 ragged hierophants (Desolation)
  4 crystal guardians
  3 deep elf high priests (Vaults:5)
  2 entropy weavers
  3 jiangshi
  A hell beast (Depths:1)
  3 hydras
  4 rakshasas
  5 ice dragons
  31 vault guards
  8 great orbs of eyes
  2 demonspawn (Orc:2)
  6 servants of whispers (Desolation)
  3 salamander tyrants (Snake:4)
  3 ogre magi (Vaults:5)
  Erolcha (D:11)
  5 peacekeepers
  4 spriggan air magi
  13 ironbound frosthearts
  7 merfolk avatars
  5 merfolk aquamancers
  3 centaur warriors
  18 anacondas
  2 deep troll shamans
  A catoblepas (Lair:5)
  2 alligator snapping turtles (Shoals:4)
  6 two-headed ogres
  5 boulder beetles
  A death knight (D:14)
  4 satyrs
  12 naga warriors
  6 spriggan berserkers
  2 tengu warriors
  10 death yaks
  3 vampire magi
  A titan zombie (Depths:1)
  14 naga sharpshooters
  2 deep troll earth magi
  5 orc high priests (Orc:2)
  8 shock serpents
  5 hell knights
  A soul eater (D:13)
  A golden dragon zombie (Depths:1)
  2 shadow wraiths (D:13)
  9 skysharks
  6 salamander mystics
  8 sea snakes
  5 skeletal warriors
  A flayed ghost (D:13)
  2 glowing orange brains
  32 deep trolls
  6 phantasmal warriors
  20 ironbound convokers
  A spriggan rider (Depths:3)
  6 naga ritualists
  16 necromancers
  6 wizards
  30 lindwurms
  4 orc knights (Orc:2)
  46 ugly things
  15 mana vipers
  3 deep elf pyromancers
  An oklob plant (Lair:5)
  8 orc sorcerers
  16 salamanders
  7 cyclopes
  10 fauns
  22 harpies
  15 manticores
  2 wolf spiders (Depths:2)
  A sphinx skeleton (Depths:1)
  A moth of wrath (shapeshifter) (Depths:3)
  A cyclops (shapeshifter) (Vaults:5)
  6 moths of wrath
  2 black mambas (shapeshifter)
  3 spectral centaurs (D:13)
  10 merfolk sirens
  24 vault sentinels
  A fire giant skeleton (Vaults:4)
  5 elephants (Lair:5)
  An orange demon (Orc:2)
  16 guardian serpents
  44 black mambas
  9 naga magi
  3 centaur zombies (D:13)
  8 centaur skeletons (D:13)
  4 water nymphs
  2 gargoyles
  3 apocalypse crabs (Shoals:1)
  2 unseen horrors
  2 kobold demonologists
  10 cane toads
  2 efreet
  7 rime drakes
  A tormentor (D:13)
  10 komodo dragons
  5 freezing wraiths
  27 yaktaurs
  An ice devil (Orc:2)
  2 tengu conjurers (D:15)
  A harpy zombie (D:13)
  36 merfolk
  10 wind drakes
  5 trolls
  8 hornets
  A wind drake (shapeshifter) (D:14)
  4 tarantellas (Depths:2)
  A hellwing (Orc:2)
  2 wolf spider simulacra (D:13)
  6 polar bears
  A spectral meliai (D:13)
  37 saltlings (Desolation)
  7 blink frogs (Lair:5)
  A dream sheep (shapeshifter) (Depths:1)
  10 snapping turtles
  12 dream sheep
  36 slime creatures
  5 centaur simulacra
  2 ettin skeletons
  3 jumping spiders (Depths:2)
  2 shadows
  9 spriggans
  A ynoxinul (Orc:2)
  44 yaks
  15 water elementals
  A culicivora (shapeshifter) (Depths:3)
  8 wraiths
  An elf zombie (Vaults:4)
  4 basilisks
  2 wyverns
  7 vampire mosquitoes
  3 fire elementals (Snake:3)
  A steam dragon (Lair:2)
  2 redbacks (Vaults:1)
  41 nagas
  A warg (D:9)
  2 floating eyes
  A floating eye (shapeshifter) (Vaults:5)
  8 water moccasins
  Duvessa (D:6)
  3 ice beasts
  4 hell hounds (Snake:3)
  22 orc warriors
  2 hornet zombies (D:13)
  5 black bears
  A black bear (shapeshifter) (Depths:3)
  4 ogres
  26 wolves
  16 centaurs
  A phantom (D:5)
  5 kobold brigands
  10 bullfrogs
  4 scorpions
  3 wights (D:9)
  A hornet simulacrum (D:13)
  Dowan (D:6)
  A human simulacrum (Vaults:4)
  11 killer bees (D:9)
  5 howler monkeys
  3 electric eels (Lair:2)
  2 jellies
  24 orc priests
  3 hounds
  A sleepcap (D:6)
  Natasha (thrice) (D:3)
  Terence (D:2)
  An iguana (D:7)
  15 orc wizards
  A boggart skeleton (D:13)
  11 gnolls
  10 adders
  4 white imps
  2 worms
  2 dart slugs (D:2)
  57 orcs
  6 ball pythons
  4 endoplasms
  8 giant cockroaches
  10 goblins
  4 hobgoblins
  12 jackals
  4 quokkas
  3 bats
  5 frilled lizards
  22 kobolds
  8 rats
  A butterfly (Lair:1)
  A spectral weapon (Vaults:3)
  A tentacle (Shoals:1)
1753 creatures vanquished.

Vanquished Creatures (others)
  A draconian knight (Zot:1)
  A wizard (Vaults:1)
  A centaur skeleton (D:13)
  An ogre (Vaults:5)
  3 tentacles (Shoals:1)
7 creatures vanquished.

Grand Total: 1760 creatures vanquished

Notes
Turn   | Place    | Note
-------+----------+-------------------------------------------
     0 | D:1      | qw the Gargoyle Fighter began the quest for the Orb.
     0 | D:1      | Reached XP level 1. HP: 14/14 MP: 1/1
     0 | D:1      | 0 ||| qw: Version: 0.3-a-41-g9d075ac
     0 | D:1      | 0 ||| qw: Game counter: 706
     0 | D:1      | 0 ||| qw: Melee chars always use a shield: true
     0 | D:1      | 0 ||| qw: God list: Okawaru
     0 | D:1      | 0 ||| qw: Allow faded altars: false
     0 | D:1      | 0 ||| qw: Do Orc after clearing Dungeon:15 true
     0 | D:1      | 0 ||| qw: Do second Lair branch before Depths: true
     0 | D:1      | 0 ||| qw: Lair rune preference: random
     0 | D:1      | 0 ||| qw: Goals: Normal, Zot:1-4, Slime:5, God:TSO, Crypt,
                  | Tomb, Abyss, Pan, Hells, Win
     0 | D:1      | 0 ||| PLANNING D:1-11
   102 | D:1      | Reached XP level 2. HP: 19/19 MP: 2/2
   109 | D:1      | 109 ||| DROPPING +0 club.
   455 | D:1      | 455 ||| READING 3 scrolls labelled UKHECI YF KARY.
   455 | D:1      | Identified 3 scrolls of acquirement
   455 | D:1      | 455 ||| ACQUIRING +1 pair of boots of Forking Paths {rC++
                  | Regen+ Int-2}
   455 | D:1      | Acquired the +1 pair of boots of Forking Paths {rC++ Regen+
                  | Int-2}
   457 | D:1      | 457 ||| UPGRADING to +1 pair of boots of Forking Paths
                  | {rC++ Regen+ Int-2}.
   462 | D:1      | 462 ||| READING 2 scrolls of acquirement.
   462 | D:1      | 462 ||| ACQUIRING amulet of the Hippo {Will+ Regen+ Dex+6}
   462 | D:1      | Acquired the amulet of the Hippo {Will+ Regen+ Dex+6}
   464 | D:1      | 464 ||| UPGRADING to amulet of the Hippo {Will+ Regen+
                  | Dex+6}.
   469 | D:1      | 469 ||| READING scroll of acquirement.
   469 | D:1      | 469 ||| ACQUIRING +0 broad axe of flaming
   469 | D:1      | Acquired a +0 broad axe of flaming
   471 | D:1      | 471 ||| SWAPPING to +0 broad axe of flaming.
   472 | D:1      | 472 ||| DROPPING +0 whip.
   473 | D:1      | 473 ||| DROPPING +0 war axe.
   474 | D:1      | 474 ||| READING 2 scrolls labelled NIEK BUOJYDWEA.
   475 | D:1      | 475 ||| READING scroll labelled JYVVEU DAOCE.
   476 | D:1      | 476 ||| DRINKING 2 puce potions.
   477 | D:1      | 477 ||| DROPPING scroll of vulnerability.
   608 | D:2      | Reached skill level 3 in Axes
   612 | D:2      | Reached XP level 3. HP: 23/23 MP: 3/3
   614 | D:2      | Reached skill level 1 in Dodging
   733 | D:2      | Noticed Terence
   734 | D:2      | 734 ||| Stepping ~*~*~tactically~*~*~ (hiding).
   741 | D:2      | Killed Terence
   742 | D:2      | Reached XP level 4. HP: 28/28 MP: 4/4
  1131 | D:2      | 1131 ||| UPGRADING to +0 chain mail.
  1141 | D:2      | 1141 ||| DROPPING +0 scale mail.
  1142 | D:2      | 1142 ||| READING scroll labelled YNWANI SOPIBI.
  1143 | D:2      | 1143 ||| READING scroll labelled JIXETWEONKO.
  1144 | D:2      | 1144 ||| READING scroll labelled UNKIAG ETHRO.
  1145 | D:2      | 1145 ||| READING scroll labelled XINOLIWNIU.
  1246 | D:2      | 1246 ||| DRINKING 2 black potions.
  1304 | D:3      | You fall into a shaft and drop 3 floors!
  1311 | D:5      | Entered Level 5 of the Dungeon
  1385 | D:5      | Noticed a scorpion
  1390 | D:5      | Killed a scorpion
  1391 | D:5      | Reached XP level 5. HP: 32/32 MP: 5/5
  1399 | D:4      | 1399 ||| PLANNING SEWER
  1533 | D:4      | Found a glowing drain.
  1549 | D:4      | 1549 ||| Stepping ~*~*~tactically~*~*~ (water).
  1558 | Sewer    | Entered a sewer
  1599 | Sewer    | Noticed a kobold brigand
  1617 | Sewer    | 1617 ||| Stepping ~*~*~tactically~*~*~ (hiding).
  1629 | Sewer    | Killed a kobold brigand
  1630 | Sewer    | Reached XP level 6. HP: 37/37 MP: 6/6
  1633 | D:4      | 1633 ||| PLANNING D:1-11
  1732 | D:4      | 1732 ||| Stepping ~*~*~tactically~*~*~ (hiding).
  2097 | D:3      | Noticed Natasha
  2107 | D:3      | Killed Natasha
  2108 | D:3      | Reached skill level 1 in Throwing
  2182 | D:3      | Noticed Natasha
  2183 | D:3      | 2183 ||| Stepping ~*~*~tactically~*~*~ (stealth).
  2190 | D:3      | Killed Natasha
  2276 | D:3      | Found a broken altar of Ashenzari.
  2276 | D:3      | Found a shimmering altar of Xom.
  2290 | D:3      | 2290 ||| Stepping ~*~*~tactically~*~*~ (stealth).
  2294 | D:3      | Reached skill level 4 in Fighting
  2322 | D:3      | Found a faded altar of an unknown god.
  2573 | D:3      | Noticed Natasha
  2585 | D:3      | Killed Natasha
  2625 | D:3      | 2625 ||| UPGRADING to ring of willpower.
  2626 | D:3      | 2626 ||| READING scroll labelled LYWE LIKOSIMP.
  2627 | D:3      | 2627 ||| READING scroll labelled DECYHU FIFENN.
  2630 | D:3      | 2630 ||| READING scroll labelled OBRIEPHUEWK.
  2635 | D:3      | 2635 ||| DRINKING 2 fuming pink potions.
  2636 | D:3      | 2636 ||| DROPPING potion of brilliance.
  2927 | D:5      | Reached skill level 6 in Axes
  2927 | D:5      | Reached XP level 7. HP: 43/43 MP: 7/7
  2971 | D:5      | 2971 ||| Stepping ~*~*~tactically~*~*~ (hiding).
  2976 | D:5      | 2976 ||| Stepping ~*~*~tactically~*~*~ (hiding).
  2982 | D:5      | 2982 ||| Stepping ~*~*~tactically~*~*~ (hiding).
  2983 | D:5      | 2983 ||| Stepping ~*~*~tactically~*~*~ (hiding).
  2984 | D:5      | 2984 ||| Stepping ~*~*~tactically~*~*~ (hiding).
  2985 | D:5      | 2985 ||| Stepping ~*~*~tactically~*~*~ (hiding).
  2986 | D:5      | 2986 ||| Stepping ~*~*~tactically~*~*~ (hiding).
  2999 | D:5      | Found a staircase to the Ecumenical Temple.
  3000 | D:5      | 3000 ||| PLANNING TEMPLE
  3000 | D:5      | 3000 ||| UPGRADING to +0 pair of gloves.
  3014 | Temple   | Entered the Ecumenical Temple
  3073 | Temple   | 3073 ||| PLANNING OKAWARU WORSHIP
  3170 | Temple   | Became a worshipper of Warmaster Okawaru
  3171 | Temple   | 3171 ||| PLANNING D:1-11
  3591 | D:5      | 3591 ||| Stepping ~*~*~tactically~*~*~ (stealth).
  3592 | D:5      | 3592 ||| Stepping ~*~*~tactically~*~*~ (stealth).
  3716 | D:5      | 3716 ||| DROPPING +6 ring of intelligence.
  3717 | D:5      | 3717 ||| READING scroll labelled AQI SEOXKOIM.
  3718 | D:5      | 3718 ||| DRINKING 2 lumpy orange potions.
  3718 | D:5      | Gained mutation: Your muscles are strong. (Str +4, Int/Dex
                  | -1) [potion of mutation]
  3718 | D:5      | Gained mutation: Your spells are a little harder to cast,
                  | but a little more powerful. [potion of mutation]
  3824 | D:6      | Reached * piety under Okawaru
  3825 | D:6      | Reached XP level 8. HP: 41/48 MP: 8/8
  3829 | D:6      | Reached skill level 5 in Fighting
  3886 | D:6      | Noticed Dowan
  3887 | D:6      | 3887 ||| INVOKING Heroism.
  3888 | D:6      | Noticed Duvessa
  3894 | D:6      | Killed Dowan
  3898 | D:6      | HP: 12/49 [Duvessa/+4 vampiric short sword (12)]
  3899 | D:6      | 3899 ||| DRINKING 2 potions of heal wounds.
  3902 | D:6      | Killed Duvessa
  3919 | D:6      | Found a burning altar of Makhleb.
  3925 | D:6      | Found an ornate altar of the Wu Jian Council.
  3925 | D:6      | Found a stormy altar of Qazlal.
  3928 | D:6      | Found a glowing golden altar of the Shining One.
  3952 | D:6      | Reached skill level 1 in Invocations
  3978 | D:6      | 3978 ||| Stepping ~*~*~tactically~*~*~ (hiding).
  4087 | D:6      | 4087 ||| INVOKING Heroism.
  4120 | D:6      | Reached skill level 3 in Invocations
  4355 | D:6      | Found Gaujaci's Antique Weapon Shop.
  4401 | D:6      | 4401 ||| UPGRADING to ring of fire.
  4402 | D:6      | 4402 ||| READING scroll labelled BOXEFA MOEHOUPP.
  4403 | D:6      | 4403 ||| DRINKING 2 lumpy red potions.
  4404 | D:6      | 4404 ||| DRINKING 2 potions of curing.
  4404 | D:6      | 4404 ||| (to cure confusion)
  4405 | D:6      | 4405 ||| DROPPING potion of ambrosia.
  4445 | D:7      | Noticed a two-headed ogre
  4446 | D:7      | 4446 ||| INVOKING Heroism.
  4454 | D:7      | Killed a two-headed ogre
  4454 | D:7      | Reached ** piety under Okawaru
  4455 | D:7      | Reached skill level 6 in Fighting
  4455 | D:7      | Reached XP level 9. HP: 36/56 MP: 9/13
  4770 | D:7      | Found a hide-covered altar of Uskayaw.
  4958 | D:7      | Found a white marble altar of Elyvilon.
  4965 | D:7      | 4965 ||| INVOKING Heroism.
  5583 | D:7      | 5583 ||| READING scroll labelled NYEMAORGHI CIHI.
  5584 | D:7      | 5584 ||| DRINKING 2 glowing clear potions.
  5585 | D:7      | 5585 ||| READING 3 scrolls of identify.
  5585 | D:7      | 5585 ||| IDENTIFYING viscous inky potion
  5586 | D:7      | 5586 ||| READING 2 scrolls of identify.
  5586 | D:7      | 5586 ||| IDENTIFYING gluggy blue potion
  5587 | D:7      | 5587 ||| DROPPING potion of degeneration.
  5738 | D:8      | 5738 ||| Stepping ~*~*~tactically~*~*~ (stealth).
  6102 | D:8      | Found a staircase to the Lair.
  6103 | D:8      | Noticed a komodo dragon
  6111 | D:8      | 6111 ||| INVOKING Heroism.
  6115 | D:8      | Killed a komodo dragon
  6115 | D:8      | Reached *** piety under Okawaru
  6116 | D:8      | Reached skill level 9 in Axes
  6386 | D:8      | 6386 ||| PLANNING LAIR
  6386 | D:8      | 6386 ||| UPGRADING to +0 kite shield.
  6396 | D:8      | 6396 ||| DROPPING +0 buckler.
  6397 | D:8      | 6397 ||| UPGRADING to +2 pair of gloves.
  6407 | D:8      | 6407 ||| DROPPING +0 pair of gloves.
  6408 | D:8      | 6408 ||| DROPPING +2 pair of gloves.
  6409 | D:8      | 6409 ||| READING scroll labelled PARA FUITILI.
  6457 | Lair:1   | Entered Level 1 of the Lair of Beasts
  6457 | Lair:1   | Noticed a cane toad
  6457 | Lair:1   | Noticed a black mamba
  6457 | Lair:1   | Noticed a black mamba
  6458 | Lair:1   | 6458 ||| INVOKING Heroism.
  6463 | Lair:1   | Killed a cane toad
  6464 | Lair:1   | Reached XP level 10. HP: 53/61 MP: 11/14
  6465 | Lair:1   | Killed a black mamba
  6466 | Lair:1   | Reached skill level 6 in Shields
  6468 | Lair:1   | Killed a black mamba
  6486 | Lair:1   | Identified the ring "Seequoh" {Wiz rPois Str+3}
  6488 | Lair:1   | Noticed a black mamba
  6494 | Lair:1   | Killed a black mamba
  6494 | Lair:1   | Reached **** piety under Okawaru
  6504 | Lair:1   | 6504 ||| INVOKING Heroism.
  6516 | Lair:1   | Reached skill level 7 in Fighting
  6516 | Lair:1   | Reached skill level 6 in Invocations
  6527 | Lair:1   | 6527 ||| INVOKING Heroism.
  6563 | Lair:1   | 6563 ||| Stepping ~*~*~tactically~*~*~ (stealth).
  6564 | Lair:1   | 6564 ||| FLEEEEING.
  6565 | Lair:1   | 6565 ||| FLEEEEING.
  6566 | Lair:1   | 6566 ||| FLEEEEING.
  6567 | Lair:1   | 6567 ||| FLEEEEING.
  6568 | Lair:1   | 6568 ||| FLEEEEING.
  6569 | Lair:1   | 6569 ||| FLEEEEING.
  6584 | Lair:1   | Reached ***** piety under Okawaru
  6684 | Lair:1   | Noticed a cane toad
  6685 | Lair:1   | 6685 ||| Stepping ~*~*~tactically~*~*~ (stealth).
  6686 | Lair:1   | 6686 ||| INVOKING Heroism.
  6690 | Lair:1   | Killed a cane toad
  6729 | Lair:1   | Reached skill level 9 in Shields
  6729 | Lair:1   | Reached XP level 11. HP: 67/67 MP: 15/17
  6826 | Lair:1   | 6826 ||| INVOKING Heroism.
  6916 | Lair:1   | 6916 ||| Stepping ~*~*~tactically~*~*~ (stealth).
  6918 | Lair:1   | 6918 ||| INVOKING Heroism.
  7245 | Lair:1   | 7245 ||| INVOKING Heroism.
  7322 | Lair:1   | 7322 ||| UPGRADING to ring "Seequoh" {Wiz rPois Str+3}.
  7324 | Lair:1   | 7324 ||| UPGRADING to ring of willpower.
  7326 | Lair:1   | 7326 ||| DRINKING 2 glowing orange potions.
  7327 | Lair:1   | 7327 ||| DRINKING 2 inky potions.
  7432 | Lair:1   | 7432 ||| READING 3 scrolls of identify.
  7432 | Lair:1   | 7432 ||| IDENTIFYING bubbling amethyst potion
  7433 | Lair:1   | 7433 ||| READING 2 scrolls of identify.
  7433 | Lair:1   | 7433 ||| IDENTIFYING bubbling grey potion
  7434 | Lair:1   | 7434 ||| DROPPING potion of berserk rage.
  7459 | Lair:2   | 7459 ||| INVOKING Heroism.
  7468 | Lair:2   | Reached skill level 9 in Invocations
  7503 | Lair:2   | 7503 ||| INVOKING Heroism.
  7614 | Lair:2   | 7614 ||| INVOKING Heroism.
  7772 | Lair:2   | 7772 ||| Stepping ~*~*~tactically~*~*~ (stealth).
  7786 | Lair:2   | Reached skill level 8 in Fighting
  7801 | Lair:2   | 7801 ||| INVOKING Heroism.
  7805 | Lair:2   | Received a gift from Okawaru
  7806 | Lair:2   | Reached skill level 3 in Throwing
  7957 | Lair:2   | 7957 ||| INVOKING Heroism.
  7959 | Lair:2   | 7959 ||| Stepping ~*~*~tactically~*~*~ (cloud).
  8107 | Lair:2   | You fall into a shaft and drop 2 floors!
  8125 | Lair:4   | 8125 ||| INVOKING Heroism.
  8162 | Lair:4   | 8162 ||| READING scroll labelled FAMYKH USIECLA.
  8167 | Lair:4   | Noticed a death yak
  8168 | Lair:4   | 8168 ||| Stepping ~*~*~tactically~*~*~ (stealth).
  8169 | Lair:4   | 8169 ||| Stepping ~*~*~tactically~*~*~ (stealth).
  8170 | Lair:4   | 8170 ||| Stepping ~*~*~tactically~*~*~ (stealth).
  8174 | Lair:4   | Noticed a death yak
  8175 | Lair:4   | 8175 ||| INVOKING Heroism.
  8175 | Lair:4   | Noticed a death yak
  8177 | Lair:4   | Noticed a death yak
  8178 | Lair:4   | Noticed a death yak
  8179 | Lair:4   | 8179 ||| Stepping ~*~*~tactically~*~*~ (stealth).
  8180 | Lair:4   | 8180 ||| Stepping ~*~*~tactically~*~*~ (stealth).
  8186 | Lair:4   | Killed a death yak
  8186 | Lair:4   | Received a gift from Okawaru
  8187 | Lair:4   | 8187 ||| INVOKING Finesse.
  8188 | Lair:4   | 8188 ||| INVOKING Finesse.
  8188 | Lair:4   | Noticed a skyshark
  8197 | Lair:4   | Killed a death yak
  8198 | Lair:4   | Reached XP level 12. HP: 49/73 MP: 13/19
  8202 | Lair:4   | Identified the +0 pair of gloves of Varaent {rC+++}
                  | (Okawaru gifted it to you on level 4 of the Lair of Beasts)
  8202 | Lair:4   | Received a gift from Okawaru
  8204 | Lair:4   | Killed a death yak
  8205 | Lair:4   | Killed a death yak
  8213 | Lair:4   | 8213 ||| INVOKING Heroism.
  8215 | Lair:4   | Killed a skyshark
  8216 | Lair:4   | Reached skill level 3 in Dodging
  8216 | Lair:4   | Killed a death yak
  8265 | Lair:3   | Reached skill level 6 in Armour
  8303 | Lair:3   | 8303 ||| Stepping ~*~*~tactically~*~*~ (stealth).
  8303 | Lair:3   | Found a dark tunnel.
  8376 | Lair:3   | Reached skill level 9 in Fighting
  8379 | Lair:3   | Found a staircase to the Snake Pit.
  8395 | Lair:3   | Noticed an eight-headed hydra
  8396 | Lair:3   | 8396 ||| INVOKING Heroism.
  8397 | Lair:3   | 8397 ||| INVOKING Finesse.
  8397 | Lair:3   | Noticed a boulder beetle
  8398 | Lair:3   | 8398 ||| Stepping ~*~*~tactically~*~*~ (stealth).
  8405 | Lair:3   | 8405 ||| SWAPPING to +0 mace.
  8409 | Lair:3   | Killed an eight-headed hydra
  8410 | Lair:3   | 8410 ||| SWAPPING to +1 broad axe of protection.
  8467 | Lair:3   | 8467 ||| DROPPING amulet of the acrobat.
  8468 | Lair:3   | 8468 ||| READING scroll labelled GONYISONEOSI.
  8615 | Lair:2   | Found a staircase to the Shoals.
  8854 | Lair:3   | 8854 ||| INVOKING Heroism.
  8878 | Lair:3   | Killed a boulder beetle
  8879 | Lair:3   | Reached skill level 12 in Axes
  9042 | Lair:3   | 9042 ||| Stepping ~*~*~tactically~*~*~ (hiding).
  9045 | Lair:3   | 9045 ||| Stepping ~*~*~tactically~*~*~ (stealth).
  9164 | Lair:3   | 9164 ||| Stepping ~*~*~tactically~*~*~ (stealth).
  9165 | Lair:3   | 9165 ||| Stepping ~*~*~tactically~*~*~ (stealth).
  9167 | Lair:3   | 9167 ||| Stepping ~*~*~tactically~*~*~ (stealth).
  9207 | Lair:3   | Noticed a six-headed hydra
  9208 | Lair:3   | 9208 ||| INVOKING Heroism.
  9213 | Lair:3   | 9213 ||| SWAPPING to +0 mace.
  9226 | Lair:3   | Killed a six-headed hydra
  9227 | Lair:3   | 9227 ||| SWAPPING to +1 broad axe of protection.
  9263 | Lair:3   | 9263 ||| Stepping ~*~*~tactically~*~*~ (hiding).
  9265 | Lair:3   | 9265 ||| Stepping ~*~*~tactically~*~*~ (hiding).
  9285 | Lair:3   | Reached XP level 13. HP: 77/80 MP: 20/20
  9596 | Lair:3   | 9596 ||| READING scroll labelled PIOSURI RUNINO.
  9610 | Lair:4   | Received a gift from Okawaru
  9614 | Lair:4   | 9614 ||| Stepping ~*~*~tactically~*~*~ (stealth).
  9629 | Lair:4   | 9629 ||| INVOKING Heroism.
  9666 | Lair:4   | Reached skill level 10 in Fighting
 10066 | Lair:4   | Received a gift from Okawaru
 10432 | Lair:5   | Entered Level 5 of the Lair of Beasts
 10433 | Lair:5   | 10433 ||| INVOKING Heroism.
 10471 | Lair:5   | 10471 ||| Stepping ~*~*~tactically~*~*~ (stealth).
 10496 | Lair:5   | 10496 ||| INVOKING Heroism.
 10592 | Lair:5   | 10592 ||| Stepping ~*~*~tactically~*~*~ (stealth).
 10593 | Lair:5   | 10593 ||| Stepping ~*~*~tactically~*~*~ (stealth).
 10594 | Lair:5   | 10594 ||| Stepping ~*~*~tactically~*~*~ (stealth).
 10596 | Lair:5   | 10596 ||| Stepping ~*~*~tactically~*~*~ (stealth).
 10599 | Lair:5   | 10599 ||| Stepping ~*~*~tactically~*~*~ (hiding).
 10600 | Lair:5   | 10600 ||| Stepping ~*~*~tactically~*~*~ (hiding).
 10601 | Lair:5   | 10601 ||| Stepping ~*~*~tactically~*~*~ (hiding).
 10602 | Lair:5   | 10602 ||| INVOKING Heroism.
 10637 | Lair:5   | Identified the +2 robe of the Elven Halls {rPois rN+ rCorr
                  | Str-2}
 10835 | Lair:5   | Found a viscous altar of Jiyva.
 10837 | Lair:5   | 10837 ||| INVOKING Heroism.
 10838 | Lair:5   | 10838 ||| INVOKING Finesse.
 10839 | Lair:5   | Found a staircase to the Slime Pits.
 10843 | Lair:5   | 10843 ||| DRINKING potion of cancellation.
 11031 | Lair:5   | 11031 ||| Stepping ~*~*~tactically~*~*~ (stealth).
 11033 | Lair:5   | 11033 ||| Stepping ~*~*~tactically~*~*~ (stealth).
 11073 | Lair:5   | 11073 ||| Stepping ~*~*~tactically~*~*~ (stealth).
 11074 | Lair:5   | 11074 ||| Stepping ~*~*~tactically~*~*~ (stealth).
 11090 | Lair:5   | Received a gift from Okawaru
 11092 | Lair:5   | 11092 ||| DROPPING +0 broad axe of electrocution.
 11150 | Lair:5   | 11150 ||| FLEEEEING.
 11151 | Lair:5   | 11151 ||| FLEEEEING.
 11156 | Lair:5   | 11156 ||| INVOKING Heroism.
 11157 | Lair:5   | 11157 ||| INVOKING Finesse.
 11208 | Lair:5   | Gained mutation: Your large and strong wings let you fly.
                  | [Gargoyle growth]
 11208 | Lair:5   | Reached XP level 14. HP: 88/88 MP: 16/21
 11271 | Lair:5   | Identified the staff of Action {Int+2 Conj}
 11522 | Lair:5   | 11522 ||| PLANNING D:1-11
 11522 | Lair:5   | 11522 ||| DROPPING amulet of guardian spirit.
 11523 | Lair:5   | 11523 ||| DROPPING ring of magical power.
 11702 | D:9      | 11702 ||| DROPPING +0 flail.
 11703 | D:9      | 11703 ||| DROPPING +0 mace.
 11718 | D:9      | Received a gift from Okawaru
 11755 | D:9      | Found a staircase to the Orcish Mines.
 12150 | D:9      | Found a runed translucent door.
 12150 | D:9      | Noticed qw's ghost (novice GrHs)
 12516 | D:10     | Entered Level 10 of the Dungeon
 12557 | D:10     | 12557 ||| Stepping ~*~*~tactically~*~*~ (hiding).
 12558 | D:10     | 12558 ||| Stepping ~*~*~tactically~*~*~ (hiding).
 12559 | D:10     | 12559 ||| Stepping ~*~*~tactically~*~*~ (hiding).
 12680 | D:10     | Reached skill level 11 in Fighting
 12737 | D:10     | 12737 ||| Stepping ~*~*~tactically~*~*~ (stealth).
 12806 | D:10     | Found Supuej's Book Shop.
 12985 | D:10     | 12985 ||| READING scroll of acquirement.
 12985 | D:10     | 12985 ||| ACQUIRING +3 chain mail of Summer {Dex+2}
 12985 | D:10     | Acquired the +3 chain mail of Summer {Dex+2}
 12987 | D:10     | 12987 ||| UPGRADING to +3 chain mail of Summer {Dex+2}.
 12997 | D:10     | 12997 ||| DROPPING +0 chain mail.
 13085 | D:10     | Found a transporter.
 13111 | D:10     | Found a transporter.
 13245 | D:11     | 13245 ||| Stepping ~*~*~tactically~*~*~ (stealth).
 13247 | D:11     | 13247 ||| Stepping ~*~*~tactically~*~*~ (stealth).
 13253 | D:11     | 13253 ||| Stepping ~*~*~tactically~*~*~ (hiding).
 13278 | D:11     | 13278 ||| Stepping ~*~*~tactically~*~*~ (hiding).
 13596 | D:11     | Reached skill level 12 in Shields
 13772 | D:11     | 13772 ||| Stepping ~*~*~tactically~*~*~ (hiding).
 13952 | D:11     | Noticed Erolcha
 13953 | D:11     | 13953 ||| INVOKING Heroism.
 13954 | D:11     | 13954 ||| INVOKING Finesse.
 13963 | D:11     | Killed Erolcha
 14000 | D:11     | 14000 ||| PLANNING D
 14000 | D:11     | 14000 ||| UPGRADING to +0 plate armour.
 14010 | D:11     | 14010 ||| DROPPING +3 chain mail of Summer {Dex+2}.
 14011 | D:11     | 14011 ||| READING scroll of enchant armour.
 14011 | D:11     | 14011 ||| ENCHANTING +0 plate armour.
 14022 | D:12     | 14022 ||| INVOKING Heroism.
 14041 | D:12     | 14041 ||| INVOKING Heroism.
 14042 | D:12     | HP: 18/90 [skeletal warrior/+4 dire flail (11)]
 14043 | D:12     | 14043 ||| READING 2 scrolls of teleportation.
 14044 | D:12     | 14044 ||| DRINKING 4 potions of heal wounds.
 14106 | D:12     | 14106 ||| INVOKING Heroism.
 14122 | D:12     | Reached skill level 9 in Armour
 14139 | D:12     | 14139 ||| READING scroll of enchant armour.
 14139 | D:12     | 14139 ||| ENCHANTING +1 plate armour.
 14360 | D:12     | Found a frozen archway.
 14383 | D:12     | 14383 ||| Stepping ~*~*~tactically~*~*~ (hiding).
 14395 | D:12     | 14395 ||| INVOKING Heroism.
 14490 | D:12     | Received a gift from Okawaru
 14501 | D:12     | 14501 ||| INVOKING Heroism.
 14647 | D:12     | 14647 ||| INVOKING Heroism.
 14662 | D:12     | Received a gift from Okawaru
 14856 | D:12     | 14856 ||| DROPPING +1 pair of boots.
 15059 | D:13     | 15059 ||| INVOKING Heroism.
 15060 | D:13     | 15060 ||| INVOKING Finesse.
 15066 | D:13     | 15066 ||| SWAPPING to +0 morningstar.
 15074 | D:13     | 15074 ||| SWAPPING to +1 broad axe of protection.
 15104 | D:13     | 15104 ||| FLEEEEING.
 15105 | D:13     | 15105 ||| FLEEEEING.
 15112 | D:13     | 15112 ||| FLEEEEING.
 15146 | D:13     | Found a runed translucent gate.
 15146 | D:13     | Found a runed translucent gate.
 15146 | D:13     | Found a runed translucent gate.
 15449 | D:13     | Found an ancient bone altar of Kikubaaqudgha.
 15449 | D:13     | Noticed a reaper
 15457 | D:13     | 15457 ||| INVOKING Heroism.
 15462 | D:13     | HP: 9/90 [reaper/+1 scythe of venom (19)]
 15463 | D:13     | 15463 ||| READING 2 scrolls of teleportation.
 15464 | D:13     | 15464 ||| DRINKING 3 potions of heal wounds.
 15519 | D:13     | 15519 ||| INVOKING Heroism.
 15521 | D:13     | 15521 ||| READING scroll of teleportation.
 15549 | D:13     | Killed a reaper
 15644 | D:13     | Reached skill level 15 in Axes
 15810 | D:13     | Reached skill level 6 in Throwing
 15832 | D:13     | Reached XP level 15. HP: 92/94 MP: 22/22
 15838 | D:13     | Received a gift from Okawaru
 15913 | D:13     | Reached skill level 12 in Fighting
 15914 | D:13     | 15914 ||| Stepping randomly (disturbance).
 16195 | D:13     | 16195 ||| Stepping ~*~*~tactically~*~*~ (hiding).
 16202 | D:13     | 16202 ||| INVOKING Heroism.
 16266 | D:13     | 16266 ||| Stepping ~*~*~tactically~*~*~ (stealth).
 16295 | D:13     | 16295 ||| INVOKING Heroism.
 16710 | D:13     | 16710 ||| UPGRADING to +3 plate armour of poison
                  | resistance.
 16720 | D:13     | 16720 ||| DROPPING +2 plate armour.
 16721 | D:13     | 16721 ||| DROPPING +0 chain mail of cold resistance.
 16806 | D:14     | Received a gift from Okawaru
 16944 | D:14     | 16944 ||| Stepping ~*~*~tactically~*~*~ (stealth).
 17014 | D:14     | 17014 ||| Stepping ~*~*~tactically~*~*~ (hiding).
 17143 | D:14     | 17143 ||| Stepping ~*~*~tactically~*~*~ (hiding).
 17152 | D:14     | 17152 ||| Stepping ~*~*~tactically~*~*~ (stealth).
 17336 | D:14     | 17336 ||| INVOKING Heroism.
 17350 | D:14     | Noticed Roxanne
 17351 | D:14     | 17351 ||| INVOKING Finesse.
 17400 | D:14     | 17400 ||| INVOKING Finesse.
 17401 | D:14     | 17401 ||| INVOKING Heroism.
 17410 | D:14     | Killed Roxanne
 17587 | D:14     | 17587 ||| INVOKING Heroism.
 17630 | D:14     | Found a gate to the Vaults.
 17634 | D:14     | 17634 ||| READING 3 scrolls of enchant weapon.
 17634 | D:14     | 17634 ||| ENCHANTING +1 broad axe of protection.
 17635 | D:14     | 17635 ||| READING 2 scrolls of enchant weapon.
 17635 | D:14     | 17635 ||| ENCHANTING +2 broad axe of protection.
 17636 | D:14     | 17636 ||| READING scroll of enchant weapon.
 17636 | D:14     | 17636 ||| ENCHANTING +3 broad axe of protection.
 17759 | D:15     | Entered Level 15 of the Dungeon
 17884 | D:15     | Found the +15 Maxwell's patent armour {-Cast -Tele rElec
                  | Will+ rCorr}
 18013 | D:15     | Received a gift from Okawaru
 18047 | D:15     | 18047 ||| Stepping ~*~*~tactically~*~*~ (stealth).
 18049 | D:15     | 18049 ||| Stepping ~*~*~tactically~*~*~ (hiding).
 18065 | D:15     | 18065 ||| INVOKING Heroism.
 18188 | D:15     | Found a staircase to the Depths.
 18189 | D:15     | 18189 ||| INVOKING Heroism.
 18482 | D:15     | 18482 ||| PLANNING ORC
 18482 | D:15     | 18482 ||| DROPPING +1 pair of gloves of stealth.
 18483 | D:15     | 18483 ||| DROPPING amulet of reflection.
 18629 | Orc:1    | Entered Level 1 of the Orcish Mines
 18736 | Orc:1    | 18736 ||| INVOKING Heroism.
 18876 | Orc:2    | Entered Level 2 of the Orcish Mines
 18877 | Orc:2    | 18877 ||| Stepping ~*~*~tactically~*~*~ (hiding).
 19036 | Orc:1    | 19036 ||| Stepping ~*~*~tactically~*~*~ (hiding).
 19037 | Orc:1    | 19037 ||| Stepping ~*~*~tactically~*~*~ (hiding).
 19113 | Orc:2    | Found a runed translucent gate.
 19113 | Orc:2    | Found a runed translucent gate.
 19113 | Orc:2    | Noticed qw's ghost (adept GrFi)
 19114 | Orc:2    | Found a runed translucent gate.
 19134 | Orc:2    | 19134 ||| Stepping ~*~*~tactically~*~*~ (hiding).
 19137 | Orc:2    | 19137 ||| Stepping ~*~*~tactically~*~*~ (hiding).
 19138 | Orc:2    | 19138 ||| Stepping ~*~*~tactically~*~*~ (hiding).
 19139 | Orc:2    | 19139 ||| Stepping ~*~*~tactically~*~*~ (hiding).
 19247 | Orc:2    | 19247 ||| Stepping ~*~*~tactically~*~*~ (stealth).
 19249 | Orc:2    | 19249 ||| INVOKING Heroism.
 19274 | Orc:2    | Found Fiuh's Magic Scroll Shoppe.
 19277 | Orc:2    | Found Moklit's Magic Scroll Emporium.
 19300 | Orc:2    | 19300 ||| Stepping ~*~*~tactically~*~*~ (stealth).
 19303 | Orc:2    | 19303 ||| Stepping ~*~*~tactically~*~*~ (stealth).
 19317 | Orc:2    | 19317 ||| Stepping ~*~*~tactically~*~*~ (stealth).
 19318 | Orc:2    | 19318 ||| Stepping ~*~*~tactically~*~*~ (hiding).
 19319 | Orc:2    | 19319 ||| Stepping ~*~*~tactically~*~*~ (hiding).
 19337 | Orc:2    | 19337 ||| Stepping ~*~*~tactically~*~*~ (stealth).
 19353 | Orc:2    | 19353 ||| Stepping ~*~*~tactically~*~*~ (hiding).
 19354 | Orc:2    | 19354 ||| Stepping ~*~*~tactically~*~*~ (hiding).
 19356 | Orc:2    | 19356 ||| Stepping ~*~*~tactically~*~*~ (hiding).
 19372 | Orc:2    | 19372 ||| BUYING 2 scrolls of identify (64 gold).
 19372 | Orc:2    | Bought 2 scrolls of identify for 64 gold pieces
 19372 | Orc:2    | 19372 ||| BUYING scroll of brand weapon (152 gold).
 19372 | Orc:2    | Bought a scroll of brand weapon for 152 gold pieces
 19372 | Orc:2    | 19372 ||| BUYING scroll of enchant armour (120 gold).
 19372 | Orc:2    | Bought a scroll of enchant armour for 120 gold pieces
 19372 | Orc:2    | 19372 ||| BUYING scroll of identify (32 gold).
 19372 | Orc:2    | Bought a scroll of identify for 32 gold pieces
 19372 | Orc:2    | 19372 ||| BUYING scroll of identify (32 gold).
 19372 | Orc:2    | Bought a scroll of identify for 32 gold pieces
 19372 | Orc:2    | 19372 ||| BUYING scroll of identify (32 gold).
 19372 | Orc:2    | Bought a scroll of identify for 32 gold pieces
 19372 | Orc:2    | 19372 ||| READING scroll of brand weapon.
 19372 | Orc:2    | 19372 ||| BRANDING +4 broad axe of protection.
 19373 | Orc:2    | 19373 ||| DROPPING +2 flail of holy wrath.
 19374 | Orc:2    | 19374 ||| DROPPING +0 morningstar.
 19375 | Orc:2    | 19375 ||| READING scroll of enchant armour.
 19375 | Orc:2    | 19375 ||| ENCHANTING +3 plate armour of poison resistance.
 19378 | Orc:2    | 19378 ||| BUYING scroll of acquirement (728 gold).
 19378 | Orc:2    | Bought a scroll of acquirement for 728 gold pieces
 19378 | Orc:2    | 19378 ||| BUYING scroll of teleportation (42 gold).
 19378 | Orc:2    | Bought a scroll of teleportation for 42 gold pieces
 19378 | Orc:2    | 19378 ||| READING scroll of acquirement.
 19378 | Orc:2    | 19378 ||| ACQUIRING +1 pair of boots "Honk" {rN+ Regen+
                  | Dex+4}
 19378 | Orc:2    | Acquired the +1 pair of boots "Honk" {rN+ Regen+ Dex+4}
 19384 | Orc:2    | 19384 ||| Stepping ~*~*~tactically~*~*~ (stealth).
 19390 | Orc:2    | 19390 ||| Stepping ~*~*~tactically~*~*~ (hiding).
 19391 | Orc:2    | 19391 ||| Stepping ~*~*~tactically~*~*~ (hiding).
 19392 | Orc:2    | 19392 ||| Stepping ~*~*~tactically~*~*~ (hiding).
 19393 | Orc:2    | 19393 ||| Stepping ~*~*~tactically~*~*~ (stealth).
 19415 | Orc:2    | 19415 ||| Stepping ~*~*~tactically~*~*~ (hiding).
 19420 | Orc:2    | 19420 ||| INVOKING Heroism.
 19457 | Orc:2    | Reached XP level 16. HP: 69/101 MP: 23/23
 19470 | Orc:2    | 19470 ||| INVOKING Heroism.
 19498 | Orc:2    | 19498 ||| INVOKING Heroism.
 19533 | Orc:2    | Found Aluonut's Antique Armour Boutique.
 19533 | Orc:2    | Found Tyits's Book Shop.
 19534 | Orc:2    | Found a one-way gate leading to the halls of Pandemonium.
 19537 | Orc:2    | 19537 ||| BUYING fading cloak (237 gold).
 19537 | Orc:2    | Bought a fading cloak for 237 gold pieces
 19537 | Orc:2    | Identified the +1 cloak "Gacoetor" {rElec rF- rCorr Int+5}
                  | (You bought it in a shop on level 2 of the Orcish Mines)
 19537 | Orc:2    | 19537 ||| BUYING pair of runed gloves (187 gold).
 19537 | Orc:2    | Bought a pair of runed gloves for 187 gold pieces
 19537 | Orc:2    | 19537 ||| BUYING polished helmet (237 gold).
 19537 | Orc:2    | Bought a polished helmet for 237 gold pieces
 19537 | Orc:2    | Identified the +2 helmet "Usaitsoda" {Str+3} (You bought it
                  | in a shop on level 2 of the Orcish Mines)
 19624 | Orc:2    | 19624 ||| Stepping ~*~*~tactically~*~*~ (hiding).
 19626 | Orc:2    | 19626 ||| Stepping ~*~*~tactically~*~*~ (hiding).
 19747 | Orc:2    | Found a staircase to the Elven Halls.
 19834 | Orc:2    | 19834 ||| INVOKING Heroism.
 19835 | Orc:2    | 19835 ||| INVOKING Finesse.
 19846 | Orc:2    | 19846 ||| Stepping ~*~*~tactically~*~*~ (stealth).
 20052 | Orc:2    | Found a runed translucent door.
 20066 | Orc:2    | Found the +10 tower shield of Ignorance {rN+ Int-4}
 20079 | Orc:2    | Found a runed translucent door.
 20138 | Orc:2    | Found Doitidd's General Store.
 20146 | Orc:2    | 20146 ||| SHOPLISTING +4 ring of slaying (1170 gold, have
                  | 305).
 20146 | Orc:2    | 20146 ||| BUYING potion of might (60 gold).
 20146 | Orc:2    | Bought a potion of might for 60 gold pieces
 20146 | Orc:2    | 20146 ||| BUYING scroll of teleportation (45 gold).
 20146 | Orc:2    | Bought a scroll of teleportation for 45 gold pieces
 20356 | Orc:2    | 20356 ||| PLANNING SNAKE:1-3
 20356 | Orc:2    | 20356 ||| UPGRADING to +1 cloak "Gacoetor" {rElec rF- rCorr
                  | Int+5}.
 20361 | Orc:2    | 20361 ||| DROPPING +2 pair of gloves of stealth.
 20362 | Orc:2    | 20362 ||| UPGRADING to +2 helmet "Usaitsoda" {Str+3}.
 20533 | Snake:1  | Entered Level 1 of the Snake Pit
 20565 | Snake:1  | 20565 ||| Stepping ~*~*~tactically~*~*~ (stealth).
 20602 | Snake:1  | 20602 ||| Stepping ~*~*~tactically~*~*~ (hiding).
 20604 | Snake:1  | 20604 ||| Stepping ~*~*~tactically~*~*~ (hiding).
 20607 | Snake:1  | 20607 ||| Stepping ~*~*~tactically~*~*~ (hiding).
 20608 | Snake:1  | 20608 ||| Stepping ~*~*~tactically~*~*~ (hiding).
 20679 | Snake:1  | 20679 ||| INVOKING Heroism.
 20680 | Snake:1  | Received a gift from Okawaru
 20681 | Snake:1  | Reached skill level 12 in Armour
 20693 | Snake:1  | Received a gift from Okawaru
 20715 | Snake:1  | Reached skill level 13 in Fighting
 20717 | Snake:1  | 20717 ||| INVOKING Heroism.
 20809 | Snake:1  | 20809 ||| READING scroll of enchant armour.
 20809 | Snake:1  | 20809 ||| ENCHANTING +4 plate armour of poison resistance.
 21611 | Snake:1  | 21611 ||| DROPPING +5 plate armour of ponderousness.
 21612 | Snake:1  | 21612 ||| UPGRADING to ring of protection from fire.
 21614 | Snake:1  | 21614 ||| UPGRADING to ring "Seequoh" {Wiz rPois Str+3}.
 21616 | Snake:1  | 21616 ||| READING 10 scrolls of identify.
 21616 | Snake:1  | 21616 ||| IDENTIFYING grey potion
 21770 | Snake:2  | 21770 ||| Stepping ~*~*~tactically~*~*~ (hiding).
 21780 | Snake:2  | 21780 ||| INVOKING Heroism.
 21848 | Snake:2  | 21848 ||| Stepping ~*~*~tactically~*~*~ (hiding).
 21849 | Snake:2  | 21849 ||| Stepping ~*~*~tactically~*~*~ (hiding).
 21965 | Snake:2  | 21965 ||| Stepping ~*~*~tactically~*~*~ (hiding).
 21967 | Snake:2  | 21967 ||| Stepping ~*~*~tactically~*~*~ (hiding).
 21977 | Snake:2  | 21977 ||| Stepping ~*~*~tactically~*~*~ (stealth).
 22001 | Snake:2  | 22001 ||| Stepping ~*~*~tactically~*~*~ (stealth).
 22003 | Snake:2  | 22003 ||| Stepping ~*~*~tactically~*~*~ (stealth).
 22013 | Snake:2  | 22013 ||| Stepping ~*~*~tactically~*~*~ (hiding).
 22016 | Snake:2  | 22016 ||| Stepping ~*~*~tactically~*~*~ (hiding).
 22170 | Snake:2  | 22170 ||| Stepping ~*~*~tactically~*~*~ (hiding).
 22171 | Snake:2  | 22171 ||| Stepping ~*~*~tactically~*~*~ (hiding).
 22202 | Snake:2  | Received a gift from Okawaru
 22472 | Snake:2  | Found Zoiraer's Weapon Emporium.
 22476 | Snake:2  | Found Engoegogh's Antique Armour Shoppe.
 22476 | Snake:2  | Found Sal Bai's Antique Weapon Emporium.
 22477 | Snake:2  | 22477 ||| Stepping ~*~*~tactically~*~*~ (hiding).
 22479 | Snake:2  | 22479 ||| Stepping ~*~*~tactically~*~*~ (hiding).
 22497 | Snake:2  | Found Soma Osa's Jewellery Shoppe.
 22504 | Snake:2  | 22504 ||| BUYING ring of positive energy (320 gold).
 22504 | Snake:2  | Bought a ring of positive energy for 320 gold pieces
 22504 | Snake:2  | 22504 ||| SHOPLISTING ring of protection from fire (400
                  | gold, have 216).
 22504 | Snake:2  | 22504 ||| SHOPLISTING ring of resist corrosion (320 gold,
                  | have 216).
 22504 | Snake:2  | 22504 ||| SHOPLISTING ring of see invisible (240 gold, have
                  | 216).
 22604 | Snake:2  | 22604 ||| INVOKING Heroism.
 23019 | Snake:2  | 23019 ||| UPGRADING to +0 tower shield.
 23029 | Snake:2  | 23029 ||| DROPPING +0 kite shield.
 23030 | Snake:2  | 23030 ||| UPGRADING to +1 tower shield of poison
                  | resistance.
 23040 | Snake:2  | 23040 ||| DROPPING +0 tower shield.
 23041 | Snake:2  | 23041 ||| UPGRADING to +1 tower shield of reflection.
 23051 | Snake:2  | 23051 ||| DROPPING +1 tower shield of poison resistance.
 23084 | Snake:3  | Noticed Aizul
 23085 | Snake:3  | 23085 ||| INVOKING Heroism.
 23086 | Snake:3  | 23086 ||| INVOKING Finesse.
 23095 | Snake:3  | Killed Aizul
 23101 | Snake:3  | 23101 ||| Stepping ~*~*~tactically~*~*~ (hiding).
 23150 | Snake:3  | Noticed Vashnia
 23151 | Snake:3  | 23151 ||| INVOKING Heroism.
 23180 | Snake:3  | Reached XP level 17. HP: 37/108 MP: 24/24
 23180 | Snake:3  | 23180 ||| INVOKING Heroism.
 23184 | Snake:3  | Killed Vashnia
 23185 | Snake:3  | HP: 25/108 [salamander/+2 trident of freezing (6)]
 23185 | Snake:3  | HP: 11/108 [salamander/+2 trident of freezing (14)]
 23186 | Snake:3  | 23186 ||| READING 3 scrolls of teleportation.
 23186 | Snake:3  | HP: 3/108 [naga sharpshooter/arrow[Vashnia] (10)]
 23187 | Snake:3  | 23187 ||| DRINKING 6 potions of heal wounds.
 23229 | Snake:3  | Received a gift from Okawaru
 23240 | Snake:3  | 23240 ||| INVOKING Heroism.
 23289 | Snake:3  | 23289 ||| Stepping ~*~*~tactically~*~*~ (hiding).
 23292 | Snake:3  | 23292 ||| INVOKING Heroism.
 23299 | Snake:3  | Reached skill level 15 in Shields
 23336 | Snake:3  | 23336 ||| INVOKING Heroism.
 23401 | Snake:3  | 23401 ||| READING scroll of enchant armour.
 23401 | Snake:3  | 23401 ||| ENCHANTING +5 plate armour of poison resistance.
 23406 | Snake:3  | Found a shimmering altar of Xom.
 23448 | Snake:3  | Noticed Azrael
 23459 | Snake:3  | 23459 ||| INVOKING Heroism.
 23466 | Snake:3  | HP: 12/108 [Azrael/bolt of fire (43)]
 23467 | Snake:3  | 23467 ||| READING 3 scrolls of teleportation.
 23468 | Snake:3  | 23468 ||| DRINKING 5 potions of heal wounds.
 23470 | Snake:3  | Noticed Jorgrun
 23478 | Snake:3  | HP: 7/108 [Jorgrun/entropic shot (41)]
 23479 | Snake:3  | 23479 ||| READING 2 scrolls of teleportation.
 23480 | Snake:3  | 23480 ||| DRINKING 4 potions of heal wounds.
 23481 | Snake:3  | Killed Jorgrun
 23566 | Snake:3  | 23566 ||| INVOKING Heroism.
 23837 | Snake:3  | 23837 ||| Stepping ~*~*~tactically~*~*~ (hiding).
 23838 | Snake:3  | 23838 ||| Stepping ~*~*~tactically~*~*~ (hiding).
 23839 | Snake:3  | 23839 ||| Stepping ~*~*~tactically~*~*~ (hiding).
 23840 | Snake:3  | 23840 ||| Stepping ~*~*~tactically~*~*~ (hiding).
 24264 | Snake:3  | 24264 ||| PLANNING SHOALS:1-3
 24425 | Shoals:1 | Entered Level 1 of the Shoals
 24456 | Shoals:1 | Noticed Josephine
 24468 | Shoals:1 | Killed Josephine
 24468 | Shoals:1 | Received a gift from Okawaru
 24492 | Shoals:1 | 24492 ||| DROPPING +3 heavy war axe.
 24507 | Shoals:1 | 24507 ||| INVOKING Heroism.
 24608 | Shoals:1 | 24608 ||| INVOKING Heroism.
 24609 | Shoals:1 | 24609 ||| INVOKING Finesse.
 24675 | Shoals:1 | 24675 ||| INVOKING Heroism.
 24710 | Shoals:1 | You are sucked into a shaft and drop 1 floor!
 24732 | Shoals:2 | 24732 ||| Stepping ~*~*~tactically~*~*~ (hiding).
 24734 | Shoals:2 | 24734 ||| Stepping ~*~*~tactically~*~*~ (hiding).
 24783 | Shoals:2 | 24783 ||| Stepping ~*~*~tactically~*~*~ (stealth).
 24786 | Shoals:2 | 24786 ||| Stepping ~*~*~tactically~*~*~ (hiding).
 24916 | Shoals:2 | 24916 ||| READING scroll of enchant armour.
 24916 | Shoals:2 | 24916 ||| ENCHANTING +6 plate armour of poison resistance.
 25063 | Shoals:2 | Received a gift from Okawaru
 25105 | Shoals:2 | 25105 ||| INVOKING Heroism.
 25205 | Shoals:1 | Noticed a kraken
 25215 | Shoals:1 | Killed a kraken
 25250 | Shoals:1 | Noticed a tentacled monstrosity
 25251 | Shoals:1 | 25251 ||| INVOKING Heroism.
 25254 | Shoals:1 | 25254 ||| INVOKING Finesse.
 25269 | Shoals:1 | Killed a tentacled monstrosity
 25270 | Shoals:1 | Reached XP level 18. HP: 114/114 MP: 18/25
 25409 | Shoals:1 | Identified the ring "Xodeumuy" {Will+ Str+6}
 25416 | Shoals:1 | 25416 ||| Stepping ~*~*~tactically~*~*~ (hiding).
 25417 | Shoals:1 | 25417 ||| INVOKING Heroism.
 25445 | Shoals:1 | 25445 ||| Stepping ~*~*~tactically~*~*~ (cloud).
 25449 | Shoals:1 | Paralysed by you for 3 turns
 25457 | Shoals:1 | Paralysed by you for 5 turns
 25521 | Shoals:1 | 25521 ||| Stepping ~*~*~tactically~*~*~ (stealth).
 25523 | Shoals:1 | 25523 ||| Stepping ~*~*~tactically~*~*~ (stealth).
 25541 | Shoals:1 | Identified the +0 scale mail of the Realm of Zot {rF+ rCorr
                  | Dex-5}
 25552 | Shoals:1 | 25552 ||| Stepping ~*~*~tactically~*~*~ (hiding).
 25554 | Shoals:1 | 25554 ||| Stepping ~*~*~tactically~*~*~ (hiding).
 25555 | Shoals:1 | 25555 ||| Stepping ~*~*~tactically~*~*~ (hiding).
 25556 | Shoals:1 | 25556 ||| INVOKING Heroism.
 25559 | Shoals:1 | Received a gift from Okawaru
 25969 | Shoals:1 | 25969 ||| DROPPING +2 robe of the Elven Halls {rPois rN+
                  | rCorr Str-2}.
 25970 | Shoals:1 | 25970 ||| UPGRADING to ring "Xodeumuy" {Will+ Str+6}.
 25972 | Shoals:1 | 25972 ||| DROPPING ring of willpower.
 25973 | Shoals:1 | 25973 ||| DROPPING ring of positive energy.
 25974 | Shoals:1 | 25974 ||| UPGRADING to ring of protection from fire.
 26190 | Shoals:2 | Reached skill level 18 in Axes
 26467 | Shoals:2 | 26467 ||| READING 12 scrolls of identify.
 26467 | Shoals:2 | 26467 ||| IDENTIFYING emerald potion
 26468 | Shoals:2 | 26468 ||| DROPPING potion of invisibility.
 26487 | Shoals:3 | 26487 ||| Stepping ~*~*~tactically~*~*~ (stealth).
 26529 | Shoals:3 | 26529 ||| INVOKING Heroism.
 26621 | Shoals:3 | 26621 ||| Stepping ~*~*~tactically~*~*~ (stealth).
 26622 | Shoals:3 | 26622 ||| Stepping ~*~*~tactically~*~*~ (stealth).
 27212 | Shoals:3 | Reached skill level 14 in Fighting
 27279 | Shoals:3 | 27279 ||| PLANNING SNAKE:4
 27470 | Snake:4  | Entered Level 4 of the Snake Pit
 27475 | Snake:4  | Found a runed translucent door.
 27480 | Snake:4  | 27480 ||| Stepping ~*~*~tactically~*~*~ (hiding).
 27508 | Snake:4  | Identified the +4 broad axe of Grandeur {flame, rElec
                  | Dex+3} (Okawaru gifted it to you on level 4 of the Snake
                  | Pit)
 27508 | Snake:4  | Received a gift from Okawaru
 27510 | Snake:4  | 27510 ||| SWAPPING to +4 broad axe of Grandeur {flame,
                  | rElec Dex+3}.
 27713 | Snake:4  | Found Bugiwnuc's Armour Shoppe.
 27726 | Snake:4  | 27726 ||| SHOPLISTING +1 chain mail "Etoewo Ucwa" {rF++
                  | rN+} (649 gold, have 552).
 27779 | Snake:4  | 27779 ||| Stepping ~*~*~tactically~*~*~ (hiding).
 27787 | Snake:4  | 27787 ||| INVOKING Heroism.
 27914 | Snake:4  | Found Techogu's Jewellery Shoppe.
 27914 | Snake:4  | Found Igakoqie's Book Boutique.
 27915 | Snake:4  | Found Yhem Tum's Book Boutique.
 27919 | Snake:4  | Reached skill level 6 in Dodging
 27925 | Snake:4  | 27925 ||| BUYING +6 ring of strength (504 gold).
 27925 | Snake:4  | Bought a +6 ring of strength for 504 gold pieces
 27925 | Snake:4  | 27925 ||| SHOPLISTING ring of protection from fire (350
                  | gold, have 120).
 28066 | Snake:4  | Reached skill level 18 in Shields
 28091 | Snake:4  | 28091 ||| Stepping ~*~*~tactically~*~*~ (hiding).
 28123 | Snake:4  | 28123 ||| INVOKING Heroism.
 28140 | Snake:4  | 28140 ||| INVOKING Heroism.
 28289 | Snake:4  | 28289 ||| Stepping ~*~*~tactically~*~*~ (hiding).
 28291 | Snake:4  | 28291 ||| INVOKING Heroism.
 28308 | Snake:4  | 28308 ||| Stepping ~*~*~tactically~*~*~ (hiding).
 28309 | Snake:4  | 28309 ||| Stepping ~*~*~tactically~*~*~ (hiding).
 28311 | Snake:4  | 28311 ||| Stepping ~*~*~tactically~*~*~ (hiding).
 28442 | Snake:4  | 28442 ||| Stepping ~*~*~tactically~*~*~ (hiding).
 28463 | Snake:4  | 28463 ||| INVOKING Heroism.
 28536 | Snake:4  | 28536 ||| INVOKING Heroism.
 28539 | Snake:4  | Reached skill level 15 in Fighting
 28604 | Snake:4  | Got a serpentine rune of Zot
 28845 | Snake:4  | 28845 ||| PLANNING VAULTS:1-4
 28845 | Snake:4  | 28845 ||| UPGRADING to +2 tower shield of fire resistance.
 28855 | Snake:4  | 28855 ||| DROPPING +1 tower shield of reflection.
 28856 | Snake:4  | 28856 ||| UPGRADING to +6 ring of strength.
 28858 | Snake:4  | 28858 ||| DROPPING ring "Seequoh" {Wiz rPois Str+3}.
 29189 | Vaults:1 | Entered Level 1 of the Vaults
 29198 | Vaults:1 | 29198 ||| INVOKING Heroism.
 29229 | Vaults:1 | 29229 ||| Stepping ~*~*~tactically~*~*~ (stealth).
 29234 | Vaults:1 | Received a gift from Okawaru
 29276 | Vaults:1 | Reached XP level 19. HP: 124/124 MP: 26/26
 29369 | Vaults:1 | Noticed Donald
 29370 | Vaults:1 | 29370 ||| INVOKING Heroism.
 29371 | Vaults:1 | 29371 ||| INVOKING Finesse.
 29388 | Vaults:1 | Killed Donald
 29436 | Vaults:1 | 29436 ||| Stepping ~*~*~tactically~*~*~ (stealth).
 29525 | Vaults:1 | 29525 ||| Stepping ~*~*~tactically~*~*~ (stealth).
 29527 | Vaults:1 | 29527 ||| Stepping ~*~*~tactically~*~*~ (hiding).
 29569 | Vaults:1 | 29569 ||| Stepping ~*~*~tactically~*~*~ (hiding).
 29797 | Vaults:1 | 29797 ||| Stepping ~*~*~tactically~*~*~ (stealth).
 29798 | Vaults:1 | 29798 ||| Stepping ~*~*~tactically~*~*~ (hiding).
 29799 | Vaults:1 | 29799 ||| Stepping ~*~*~tactically~*~*~ (hiding).
 29800 | Vaults:1 | 29800 ||| Stepping ~*~*~tactically~*~*~ (hiding).
 29801 | Vaults:1 | 29801 ||| Stepping ~*~*~tactically~*~*~ (hiding).
 29802 | Vaults:1 | 29802 ||| Stepping ~*~*~tactically~*~*~ (hiding).
 29820 | Vaults:1 | Reached skill level 15 in Armour
 29868 | Vaults:1 | 29868 ||| Stepping ~*~*~tactically~*~*~ (hiding).
 29917 | Vaults:1 | 29917 ||| Stepping ~*~*~tactically~*~*~ (hiding).
 30079 | Vaults:1 | 30079 ||| INVOKING Heroism.
 30125 | Vaults:1 | 30125 ||| Stepping ~*~*~tactically~*~*~ (stealth).
 30127 | Vaults:1 | 30127 ||| Stepping ~*~*~tactically~*~*~ (hiding).
 30292 | Vaults:1 | Received a gift from Okawaru
 30384 | Vaults:2 | 30384 ||| INVOKING Heroism.
 30385 | Vaults:2 | 30385 ||| INVOKING Finesse.
 30446 | Vaults:2 | 30446 ||| Stepping ~*~*~tactically~*~*~ (stealth).
 30446 | Vaults:2 | Noticed Jory
 30448 | Vaults:2 | 30448 ||| INVOKING Heroism.
 30449 | Vaults:2 | 30449 ||| INVOKING Finesse.
 30459 | Vaults:2 | Reached skill level 16 in Fighting
 30483 | Vaults:2 | Killed Jory
 30665 | Vaults:2 | 30665 ||| FLEEEEING.
 30666 | Vaults:2 | 30666 ||| FLEEEEING.
 30667 | Vaults:2 | 30667 ||| FLEEEEING.
 30668 | Vaults:2 | 30668 ||| Stepping ~*~*~tactically~*~*~ (hiding).
 30804 | Vaults:2 | 30804 ||| Stepping ~*~*~tactically~*~*~ (hiding).
 30808 | Vaults:2 | 30808 ||| Stepping ~*~*~tactically~*~*~ (hiding).
 30809 | Vaults:2 | 30809 ||| Stepping ~*~*~tactically~*~*~ (hiding).
 30811 | Vaults:2 | 30811 ||| Stepping ~*~*~tactically~*~*~ (hiding).
 30813 | Vaults:2 | 30813 ||| Stepping ~*~*~tactically~*~*~ (hiding).
 30860 | Vaults:2 | 30860 ||| Stepping ~*~*~tactically~*~*~ (stealth).
 30861 | Vaults:2 | 30861 ||| Stepping ~*~*~tactically~*~*~ (stealth).
 30909 | Vaults:2 | 30909 ||| FLEEEEING.
 30910 | Vaults:2 | 30910 ||| FLEEEEING.
 30911 | Vaults:2 | 30911 ||| FLEEEEING.
 30912 | Vaults:2 | 30912 ||| FLEEEEING.
 30913 | Vaults:2 | 30913 ||| FLEEEEING.
 30914 | Vaults:2 | 30914 ||| FLEEEEING.
 30915 | Vaults:2 | 30915 ||| FLEEEEING.
 31017 | Vaults:2 | Noticed Mara
 31018 | Vaults:2 | Noticed qw's illusion
 31018 | Vaults:2 | 31018 ||| Stepping ~*~*~tactically~*~*~ (hiding).
 31019 | Vaults:2 | 31019 ||| Stepping ~*~*~tactically~*~*~ (hiding).
 31020 | Vaults:2 | 31020 ||| Stepping ~*~*~tactically~*~*~ (hiding).
 31021 | Vaults:2 | 31021 ||| INVOKING Heroism.
 31022 | Vaults:2 | 31022 ||| INVOKING Finesse.
 31061 | Vaults:2 | Noticed qw's illusion
 31112 | Vaults:2 | 31112 ||| Stepping ~*~*~tactically~*~*~ (hiding).
 31114 | Vaults:2 | 31114 ||| Stepping ~*~*~tactically~*~*~ (hiding).
 31116 | Vaults:2 | 31116 ||| INVOKING Heroism.
 31124 | Vaults:2 | Noticed qw's illusion
 31124 | Vaults:2 | Killed Mara
 31260 | Vaults:2 | 31260 ||| Stepping ~*~*~tactically~*~*~ (stealth).
 31263 | Vaults:2 | 31263 ||| INVOKING Heroism.
 31265 | Vaults:2 | Reached XP level 20. HP: 77/131 MP: 24/27
 31398 | Vaults:2 | Received a gift from Okawaru
 31437 | Vaults:2 | 31437 ||| Stepping ~*~*~tactically~*~*~ (hiding).
 31438 | Vaults:2 | 31438 ||| Stepping ~*~*~tactically~*~*~ (hiding).
 31439 | Vaults:2 | 31439 ||| Stepping ~*~*~tactically~*~*~ (hiding).
 31453 | Vaults:2 | Noticed Margery
 31454 | Vaults:2 | 31454 ||| DRINKING 2 potions of resistance.
 31455 | Vaults:2 | 31455 ||| INVOKING Heroism.
 31456 | Vaults:2 | 31456 ||| INVOKING Finesse.
 31469 | Vaults:2 | Killed Margery
 31603 | Vaults:2 | Received a gift from Okawaru
 31619 | Vaults:2 | 31619 ||| Stepping ~*~*~tactically~*~*~ (hiding).
 31621 | Vaults:2 | 31621 ||| Stepping ~*~*~tactically~*~*~ (hiding).
 31622 | Vaults:2 | 31622 ||| Stepping ~*~*~tactically~*~*~ (hiding).
 31623 | Vaults:2 | 31623 ||| Stepping ~*~*~tactically~*~*~ (hiding).
 31624 | Vaults:2 | 31624 ||| Stepping ~*~*~tactically~*~*~ (hiding).
 31814 | Vaults:2 | Identified the +9 shortbow of Death {heavy, rF+ rN+ Str+3}
 31821 | Vaults:2 | Reached skill level 17 in Fighting
 31972 | Vaults:2 | Identified the +4 halberd "Ulovar" {heavy, rPois rC+}
 32041 | Vaults:2 | Identified the +2 cloak "Ozant" {Rampage rC+ SInv}
 32107 | Vaults:2 | 32107 ||| UPGRADING to +2 cloak of preservation.
 32117 | Vaults:2 | 32117 ||| DROPPING +1 hat.
 32118 | Vaults:2 | 32118 ||| UPGRADING to +2 cloak "Ozant" {Rampage rC+ SInv}.
 32128 | Vaults:2 | 32128 ||| DROPPING +2 cloak of preservation.
 32371 | Vaults:3 | Noticed Bai Suzhen
 32388 | Vaults:3 | Killed Bai Suzhen
 32448 | Vaults:3 | Found a transporter.
 32454 | Vaults:3 | Found a transporter.
 32459 | Vaults:3 | Noticed theMacoje's ghost (adept OgHs)
 32530 | Vaults:3 | 32530 ||| Stepping ~*~*~tactically~*~*~ (hiding).
 32590 | Vaults:3 | Received a gift from Okawaru
 32592 | Vaults:3 | 32592 ||| DROPPING +1 heavy broad axe.
 32662 | Vaults:3 | Identified the +5 spear "Pewn" {pain, rN+ SInv}
 32663 | Vaults:3 | 32663 ||| Stepping ~*~*~tactically~*~*~ (hiding).
 32665 | Vaults:3 | 32665 ||| Stepping ~*~*~tactically~*~*~ (hiding).
 32815 | Vaults:3 | 32815 ||| FLEEEEING.
 32816 | Vaults:3 | 32816 ||| FLEEEEING.
 32817 | Vaults:3 | 32817 ||| FLEEEEING.
 32818 | Vaults:3 | 32818 ||| FLEEEEING.
 32819 | Vaults:3 | 32819 ||| FLEEEEING.
 32825 | Vaults:3 | 32825 ||| FLEEEEING.
 32826 | Vaults:3 | 32826 ||| FLEEEEING.
 32827 | Vaults:3 | 32827 ||| FLEEEEING.
 32828 | Vaults:3 | 32828 ||| FLEEEEING.
 32829 | Vaults:3 | 32829 ||| FLEEEEING.
 32830 | Vaults:3 | 32830 ||| FLEEEEING.
 32831 | Vaults:3 | 32831 ||| FLEEEEING.
 32837 | Vaults:3 | 32837 ||| FLEEEEING.
 32920 | Vaults:3 | Found a staircase to the Crypt.
 33123 | Vaults:3 | 33123 ||| Stepping ~*~*~tactically~*~*~ (hiding).
 33165 | Vaults:3 | 33165 ||| FLEEEEING.
 33166 | Vaults:3 | 33166 ||| FLEEEEING.
 33168 | Vaults:3 | 33168 ||| FLEEEEING.
 33181 | Vaults:3 | 33181 ||| Stepping ~*~*~tactically~*~*~ (hiding).
 33183 | Vaults:3 | 33183 ||| Stepping ~*~*~tactically~*~*~ (hiding).
 33184 | Vaults:3 | 33184 ||| Stepping ~*~*~tactically~*~*~ (hiding).
 33207 | Vaults:3 | Noticed Xtahua
 33208 | Vaults:3 | 33208 ||| DRINKING potion of resistance.
 33211 | Vaults:3 | Paralysed by Xtahua for 5 turns
 33225 | Vaults:3 | Killed Xtahua
 33226 | Vaults:3 | Received a gift from Okawaru
 33233 | Vaults:3 | Reached skill level 18 in Fighting
 33423 | Vaults:3 | 33423 ||| Stepping ~*~*~tactically~*~*~ (stealth).
 33562 | Vaults:3 | 33562 ||| Stepping ~*~*~tactically~*~*~ (stealth).
 33566 | Vaults:3 | 33566 ||| Stepping ~*~*~tactically~*~*~ (stealth).
 33591 | Vaults:3 | 33591 ||| INVOKING Heroism.
 33592 | Vaults:3 | 33592 ||| INVOKING Finesse.
 33607 | Vaults:3 | Received a gift from Okawaru
 33610 | Vaults:3 | Reached skill level 9 in Dodging
 33721 | Vaults:4 | 33721 ||| PLANNING DESOLATION
 33753 | Vaults:4 | 33753 ||| Stepping ~*~*~tactically~*~*~ (hiding).
 33856 | Vaults:4 | 33856 ||| Stepping ~*~*~tactically~*~*~ (stealth).
 33857 | Vaults:4 | 33857 ||| Stepping ~*~*~tactically~*~*~ (stealth).
 33898 | Vaults:4 | 33898 ||| INVOKING Heroism.
 33899 | Vaults:4 | 33899 ||| INVOKING Finesse.
 33908 | Vaults:4 | Identified the +1 scale mail of the Ethereal God {rC+
                  | Regen+ Int+2 Dex+2} (Okawaru gifted it to you on level 4 of
                  | the Vaults)
 33908 | Vaults:4 | Received a gift from Okawaru
 33913 | Vaults:4 | Reached XP level 21. HP: 141/141 MP: 21/28
 34118 | Vaults:4 | 34118 ||| Stepping ~*~*~tactically~*~*~ (hiding).
 34124 | Vaults:4 | 34124 ||| Stepping ~*~*~tactically~*~*~ (stealth).
 34125 | Vaults:4 | 34125 ||| Stepping ~*~*~tactically~*~*~ (stealth).
 34126 | Vaults:4 | 34126 ||| Stepping ~*~*~tactically~*~*~ (stealth).
 34127 | Vaults:4 | 34127 ||| Stepping ~*~*~tactically~*~*~ (stealth).
 34128 | Vaults:4 | 34128 ||| Stepping ~*~*~tactically~*~*~ (stealth).
 34252 | Vaults:4 | Identified the +0 robe of Analysis {Will- rCorr Str+7}
 34358 | Vaults:4 | Noticed Saint Roka
 34364 | Vaults:4 | 34364 ||| Stepping ~*~*~tactically~*~*~ (hiding).
 34366 | Vaults:4 | Found a crumbling gateway.
 34380 | Vaults:4 | 34380 ||| INVOKING Heroism.
 34384 | Vaults:4 | Killed Saint Roka
 34417 | Desolati | Entered the Desolation of Salt
 34510 | Desolati | Found the +7 captain's cutlass {speed, disarm}
 34520 | Desolati | 34520 ||| Stepping ~*~*~tactically~*~*~ (stealth).
 34583 | Desolati | 34583 ||| Stepping ~*~*~tactically~*~*~ (stealth).
 34588 | Desolati | Identified the ring "Jaddad" {Contam rF+ rN+ Int+3 Dex-5}
 34601 | Desolati | Reached skill level 9 in Throwing
 34605 | Desolati | Identified the +9 flail "Caiwoesy" {venom, +Blink}
 34773 | Desolati | Found the +3 giant club "Skullcrusher" {speed, Str+7}
 34777 | Desolati | Identified the amulet "Meetuji" {Spirit +Blink rN+++ Str-2
                  | Int+8}
 34810 | Desolati | Identified the ring "Hucan" {Fire Will+}
 34830 | Desolati | Identified the +3 scale mail of Nietowet {*Slow rElec
                  | Dex+4}
 34996 | Desolati | 34996 ||| DROPPING +2 plate armour of poison resistance.
 34997 | Desolati | 34997 ||| DROPPING amulet "Meetuji" {Spirit +Blink rN+++
                  | Str-2 Int+8}.
 34998 | Desolati | 34998 ||| DROPPING ring of fire.
 35018 | Vaults:4 | 35018 ||| PLANNING VAULTS:1-4
 35064 | Vaults:4 | 35064 ||| Stepping ~*~*~tactically~*~*~ (hiding).
 35067 | Vaults:4 | 35067 ||| Stepping ~*~*~tactically~*~*~ (hiding).
 35073 | Vaults:4 | Reached skill level 18 in Armour
 35218 | Vaults:4 | 35218 ||| Stepping ~*~*~tactically~*~*~ (hiding).
 35219 | Vaults:4 | 35219 ||| Stepping ~*~*~tactically~*~*~ (hiding).
 35221 | Vaults:4 | 35221 ||| Stepping ~*~*~tactically~*~*~ (hiding).
 35331 | Vaults:4 | Found Ofypo's General Store.
 35345 | Vaults:4 | 35345 ||| BUYING 2 potions of mutation (336 gold).
 35345 | Vaults:4 | Bought 2 potions of mutation for 336 gold pieces
 35345 | Vaults:4 | 35345 ||| BUYING potion of heal wounds (105 gold).
 35345 | Vaults:4 | Bought a potion of heal wounds for 105 gold pieces
 35345 | Vaults:4 | 35345 ||| BUYING potion of lignification (63 gold).
 35345 | Vaults:4 | Bought a potion of lignification for 63 gold pieces
 35552 | Vaults:4 | 35552 ||| PLANNING SHOALS:4
 36010 | Shoals:4 | Entered Level 4 of the Shoals
 36030 | Shoals:4 | Received a gift from Okawaru
 36030 | Shoals:4 | Found the +7 Kryia's mail coat {PotionHeal*2 rC+}
 36048 | Shoals:4 | 36048 ||| Stepping ~*~*~tactically~*~*~ (hiding).
 36054 | Shoals:4 | 36054 ||| Stepping ~*~*~tactically~*~*~ (hiding).
 36063 | Shoals:4 | 36063 ||| INVOKING Heroism.
 36064 | Shoals:4 | 36064 ||| INVOKING Finesse.
 36069 | Shoals:4 | 36069 ||| Stepping ~*~*~tactically~*~*~ (hiding).
 36327 | Shoals:4 | 36327 ||| Stepping ~*~*~tactically~*~*~ (hiding).
 36406 | Shoals:4 | 36406 ||| Stepping ~*~*~tactically~*~*~ (hiding).
 36437 | Shoals:4 | Reached skill level 19 in Fighting
 36539 | Shoals:4 | 36539 ||| Stepping ~*~*~tactically~*~*~ (hiding).
 36573 | Shoals:4 | 36573 ||| Stepping ~*~*~tactically~*~*~ (hiding).
 36590 | Shoals:4 | 36590 ||| Stepping ~*~*~tactically~*~*~ (stealth).
 36595 | Shoals:4 | 36595 ||| Stepping ~*~*~tactically~*~*~ (hiding).
 36649 | Shoals:4 | Identified the ring "Qeluimixt" {*Corrode rC+++ Str-3 Int+2
                  | SInv}
 36667 | Shoals:4 | 36667 ||| INVOKING Heroism.
 36668 | Shoals:4 | 36668 ||| INVOKING Finesse.
 36693 | Shoals:4 | 36693 ||| Stepping ~*~*~tactically~*~*~ (hiding).
 36712 | Shoals:4 | 36712 ||| Stepping ~*~*~tactically~*~*~ (hiding).
 36743 | Shoals:4 | Got a barnacled rune of Zot
 36827 | Shoals:4 | 36827 ||| Stepping ~*~*~tactically~*~*~ (hiding).
 36844 | Shoals:4 | Identified the +8 rapier of Ipsamu {flame, rElec Will+
                  | rCorr Str-2}
 36846 | Shoals:4 | 36846 ||| Stepping ~*~*~tactically~*~*~ (stealth).
 36852 | Shoals:4 | 36852 ||| Stepping ~*~*~tactically~*~*~ (stealth).
 36862 | Shoals:4 | 36862 ||| Stepping ~*~*~tactically~*~*~ (hiding).
 36863 | Shoals:4 | 36863 ||| Stepping ~*~*~tactically~*~*~ (hiding).
 37158 | Shoals:4 | 37158 ||| PLANNING DEPTHS
 37527 | Depths:1 | Entered Level 1 of the Depths
 37536 | Depths:1 | 37536 ||| Stepping ~*~*~tactically~*~*~ (hiding).
 37564 | Depths:1 | 37564 ||| Stepping ~*~*~tactically~*~*~ (stealth).
 37565 | Depths:1 | 37565 ||| INVOKING Finesse.
 37566 | Depths:1 | 37566 ||| Stepping ~*~*~tactically~*~*~ (stealth).
 37568 | Depths:1 | 37568 ||| Stepping ~*~*~tactically~*~*~ (hiding).
 37569 | Depths:1 | 37569 ||| Stepping ~*~*~tactically~*~*~ (hiding).
 37570 | Depths:1 | 37570 ||| Stepping ~*~*~tactically~*~*~ (stealth).
 37571 | Depths:1 | 37571 ||| Stepping ~*~*~tactically~*~*~ (stealth).
 37572 | Depths:1 | 37572 ||| Stepping ~*~*~tactically~*~*~ (hiding).
 37576 | Depths:1 | 37576 ||| Stepping ~*~*~tactically~*~*~ (hiding).
 37577 | Depths:1 | 37577 ||| Stepping ~*~*~tactically~*~*~ (hiding).
 37594 | Depths:1 | Reached XP level 22. HP: 149/149 MP: 26/29
 37605 | Depths:1 | 37605 ||| Stepping ~*~*~tactically~*~*~ (stealth).
 37611 | Depths:1 | 37611 ||| Stepping ~*~*~tactically~*~*~ (stealth).
 37649 | Depths:1 | 37649 ||| Stepping ~*~*~tactically~*~*~ (hiding).
 37651 | Depths:1 | 37651 ||| INVOKING Heroism.
 37777 | Depths:1 | 37777 ||| Stepping ~*~*~tactically~*~*~ (hiding).
 37930 | Depths:1 | Found a stormy altar of Qazlal.
 37935 | Depths:1 | 37935 ||| Stepping ~*~*~tactically~*~*~ (stealth).
 37936 | Depths:1 | 37936 ||| Stepping ~*~*~tactically~*~*~ (stealth).
 37979 | Depths:1 | Identified the +2 robe of the Grape {rPois rF+++ Str-2
                  | Dex+2}
 37993 | Depths:1 | Found a gateway to Hell.
 38028 | Depths:1 | Found a one-way gateway to a ziggurat.
 38031 | Depths:1 | 38031 ||| Stepping ~*~*~tactically~*~*~ (hiding).
 38040 | Depths:1 | 38040 ||| Stepping ~*~*~tactically~*~*~ (hiding).
 38062 | Depths:1 | 38062 ||| DROPPING +6 ring of dexterity.
 38066 | Depths:1 | 38066 ||| Stepping ~*~*~tactically~*~*~ (stealth).
 38085 | Depths:1 | 38085 ||| Stepping ~*~*~tactically~*~*~ (hiding).
 38086 | Depths:1 | 38086 ||| Stepping ~*~*~tactically~*~*~ (hiding).
 38087 | Depths:1 | 38087 ||| Stepping ~*~*~tactically~*~*~ (hiding).
 38407 | Depths:1 | Identified the +1 ring mail "Wuig" {rF+ Slay+2}
 38501 | Depths:1 | 38501 ||| READING scroll of enchant armour.
 38501 | Depths:1 | 38501 ||| ENCHANTING +7 plate armour of poison resistance.
 38776 | Depths:1 | 38776 ||| DROPPING +0 ice dragon scales.
 38777 | Depths:1 | 38777 ||| DROPPING +4 ring of protection.
 38842 | Depths:2 | 38842 ||| Stepping ~*~*~tactically~*~*~ (stealth).
 38844 | Depths:2 | 38844 ||| Stepping ~*~*~tactically~*~*~ (stealth).
 38900 | Depths:2 | Noticed Asterion
 38902 | Depths:2 | 38902 ||| INVOKING Heroism.
 38907 | Depths:2 | Killed Asterion
 38938 | Depths:2 | 38938 ||| Stepping ~*~*~tactically~*~*~ (stealth).
 38940 | Depths:2 | 38940 ||| Stepping ~*~*~tactically~*~*~ (stealth).
 38955 | Depths:2 | 38955 ||| INVOKING Heroism.
 39138 | Depths:2 | 39138 ||| INVOKING Heroism.
 39327 | Depths:2 | 39327 ||| Stepping ~*~*~tactically~*~*~ (stealth).
 39329 | Depths:2 | 39329 ||| Stepping ~*~*~tactically~*~*~ (stealth).
 39331 | Depths:2 | 39331 ||| Stepping ~*~*~tactically~*~*~ (hiding).
 39338 | Depths:2 | 39338 ||| INVOKING Heroism.
 39351 | Depths:2 | 39351 ||| Stepping ~*~*~tactically~*~*~ (hiding).
 39354 | Depths:2 | 39354 ||| Stepping ~*~*~tactically~*~*~ (hiding).
 39536 | Depths:2 | Received a gift from Okawaru
 39721 | Depths:2 | 39721 ||| Stepping ~*~*~tactically~*~*~ (hiding).
 39982 | Depths:2 | Found a runed translucent door.
 39983 | Depths:2 | Found a shimmering altar of Xom.
 39983 | Depths:2 | Noticed Daehemof's ghost (veteran GrHu)
 39987 | Depths:2 | 39987 ||| DROPPING ring of see invisible.
 40060 | Depths:3 | 40060 ||| PLANNING BAZAAR
 40060 | Depths:3 | 40060 ||| INVOKING Heroism.
 40088 | Depths:3 | Found a flickering gateway to a bazaar.
 40097 | Bazaar   | Entered a bazaar
 40097 | Bazaar   | Found Wiweh's Jewellery Shoppe.
 40097 | Bazaar   | Found Cav Ipant's Magic Scroll Emporium.
 40097 | Bazaar   | Found Mifa's Distillery.
 40097 | Bazaar   | Found Naoz's Magic Scroll Shoppe.
 40105 | Bazaar   | 40105 ||| BUYING amulet of faith (360 gold).
 40105 | Bazaar   | Bought an amulet of faith for 360 gold pieces
 40105 | Bazaar   | 40105 ||| BUYING ring of protection from fire (225 gold).
 40105 | Bazaar   | Bought a ring of protection from fire for 225 gold pieces
 40107 | Bazaar   | 40107 ||| BUYING potion of cancellation (112 gold).
 40107 | Bazaar   | Bought a potion of cancellation for 112 gold pieces
 40123 | Bazaar   | 40123 ||| UPGRADING to amulet of faith.
 40133 | Bazaar   | 40133 ||| DROPPING ring "Jaddad" {Contam rF+ rN+ Int+3
                  | Dex-5}.
 40139 | Depths:3 | 40139 ||| PLANNING DEPTHS
 40163 | Depths:3 | 40163 ||| Stepping ~*~*~tactically~*~*~ (hiding).
 40198 | Depths:3 | Found a one-way gate to the infinite horrors of the Abyss.
 40385 | Depths:3 | 40385 ||| Stepping ~*~*~tactically~*~*~ (hiding).
 40559 | Depths:3 | 40559 ||| INVOKING Heroism.
 40572 | Depths:3 | Received a gift from Okawaru
 40616 | Depths:3 | 40616 ||| INVOKING Heroism.
 40617 | Depths:3 | 40617 ||| INVOKING Finesse.
 40651 | Depths:3 | Reached skill level 20 in Fighting
 40652 | Depths:3 | Identified the +5 ring mail of the True Pharaoh {*Corrode
                  | Str+5 Int+5} (Okawaru gifted it to you on level 3 of the
                  | Depths)
 40652 | Depths:3 | Received a gift from Okawaru
 40673 | Depths:3 | Noticed a juggernaut
 40686 | Depths:3 | HP: 38/152 [spriggan rider/+0 spear (18)]
 40687 | Depths:3 | 40687 ||| READING 5 scrolls of teleportation.
 40695 | Depths:3 | HP: 34/152 [constriction (9)]
 40696 | Depths:3 | 40696 ||| DRINKING 7 potions of heal wounds.
 40735 | Depths:3 | 40735 ||| Stepping ~*~*~tactically~*~*~ (stealth).
 40772 | Depths:3 | Noticed a caustic shrike
 40773 | Depths:3 | 40773 ||| Stepping ~*~*~tactically~*~*~ (stealth).
 40774 | Depths:3 | 40774 ||| INVOKING Heroism.
 40775 | Depths:3 | 40775 ||| INVOKING Finesse.
 40783 | Depths:3 | Killed a caustic shrike
 40819 | Depths:3 | Identified the ring "Egacseg" {Fly rElec Will+ Str+6 Int-3}
 40820 | Depths:3 | 40820 ||| Stepping ~*~*~tactically~*~*~ (stealth).
 40821 | Depths:3 | 40821 ||| Stepping ~*~*~tactically~*~*~ (stealth).
 40823 | Depths:3 | 40823 ||| Stepping ~*~*~tactically~*~*~ (hiding).
 40825 | Depths:3 | 40825 ||| Stepping ~*~*~tactically~*~*~ (hiding).
 40826 | Depths:3 | 40826 ||| Stepping ~*~*~tactically~*~*~ (hiding).
 40827 | Depths:3 | 40827 ||| INVOKING Heroism.
 40828 | Depths:3 | 40828 ||| INVOKING Finesse.
 40843 | Depths:3 | Killed a juggernaut
 40844 | Depths:3 | Reached skill level 21 in Shields
 40875 | Depths:3 | Noticed a caustic shrike
 40876 | Depths:3 | 40876 ||| Stepping ~*~*~tactically~*~*~ (stealth).
 40881 | Depths:3 | Killed a caustic shrike
 40889 | Depths:3 | Noticed a caustic shrike
 40890 | Depths:3 | 40890 ||| Stepping ~*~*~tactically~*~*~ (stealth).
 40898 | Depths:3 | 40898 ||| Stepping ~*~*~tactically~*~*~ (stealth).
 40899 | Depths:3 | 40899 ||| Stepping ~*~*~tactically~*~*~ (stealth).
 40900 | Depths:3 | 40900 ||| Stepping ~*~*~tactically~*~*~ (stealth).
 40901 | Depths:3 | 40901 ||| INVOKING Heroism.
 40902 | Depths:3 | 40902 ||| INVOKING Finesse.
 40903 | Depths:3 | 40903 ||| INVOKING Finesse.
 40912 | Depths:3 | Killed a caustic shrike
 40913 | Depths:3 | Reached XP level 23. HP: 137/157 MP: 23/30
 40998 | Depths:3 | 40998 ||| Stepping ~*~*~tactically~*~*~ (hiding).
 41008 | Depths:3 | 41008 ||| INVOKING Heroism.
 41052 | Depths:3 | 41052 ||| INVOKING Heroism.
 41110 | Depths:3 | Identified the staff of Truncation {Fragile Fly rC+ rN++
                  | Conj}
 41158 | Depths:3 | 41158 ||| INVOKING Heroism.
 41179 | Depths:3 | Noticed a caustic shrike
 41180 | Depths:3 | 41180 ||| Stepping ~*~*~tactically~*~*~ (stealth).
 41182 | Depths:3 | Noticed a caustic shrike
 41185 | Depths:3 | Noticed a caustic shrike
 41188 | Depths:3 | Noticed a caustic shrike
 41190 | Depths:3 | Noticed a caustic shrike
 41191 | Depths:3 | Killed a caustic shrike
 41193 | Depths:3 | Noticed a caustic shrike
 41197 | Depths:3 | Noticed a caustic shrike
 41201 | Depths:3 | Killed a caustic shrike
 41208 | Depths:3 | Killed a caustic shrike
 41209 | Depths:3 | Killed a caustic shrike
 41216 | Depths:3 | Killed a caustic shrike
 41217 | Depths:3 | Reached skill level 21 in Fighting
 41217 | Depths:3 | Killed a caustic shrike
 41221 | Depths:3 | Killed a caustic shrike
 41232 | Depths:3 | 41232 ||| Stepping ~*~*~tactically~*~*~ (hiding).
 41233 | Depths:3 | 41233 ||| Stepping ~*~*~tactically~*~*~ (hiding).
 41358 | Depths:3 | 41358 ||| Stepping ~*~*~tactically~*~*~ (hiding).
 41360 | Depths:3 | 41360 ||| Stepping ~*~*~tactically~*~*~ (hiding).
 41404 | Depths:3 | 41404 ||| Stepping ~*~*~tactically~*~*~ (hiding).
 41405 | Depths:3 | 41405 ||| Stepping ~*~*~tactically~*~*~ (hiding).
 41408 | Depths:3 | 41408 ||| INVOKING Heroism.
 41422 | Depths:3 | Found an iron altar of Okawaru.
 41523 | Depths:3 | Identified the +1 chain mail of Soboz {Str+5}
 41708 | Depths:3 | Noticed a caustic shrike
 41709 | Depths:3 | 41709 ||| INVOKING Heroism.
 41710 | Depths:3 | Noticed a caustic shrike
 41719 | Depths:3 | Killed a caustic shrike
 41734 | Depths:3 | Killed a caustic shrike
 41756 | Depths:3 | 41756 ||| UPGRADING to ring "Egacseg" {Fly rElec Will+
                  | Str+6 Int-3}.
 41758 | Depths:3 | 41758 ||| DROPPING +6 ring of strength.
 41835 | Depths:4 | Entered Level 4 of the Depths
 41846 | Depths:4 | 41846 ||| INVOKING Heroism.
 41878 | Depths:4 | Received a gift from Okawaru
 41915 | Depths:4 | 41915 ||| INVOKING Heroism.
 42094 | Depths:4 | 42094 ||| Stepping ~*~*~tactically~*~*~ (stealth).
 42096 | Depths:4 | 42096 ||| INVOKING Heroism.
 42101 | Depths:4 | 42101 ||| Stepping ~*~*~tactically~*~*~ (hiding).
 42170 | Depths:4 | 42170 ||| Stepping ~*~*~tactically~*~*~ (hiding).
 42178 | Depths:4 | 42178 ||| Stepping ~*~*~tactically~*~*~ (hiding).
 42303 | Depths:4 | 42303 ||| INVOKING Heroism.
 42393 | Depths:4 | Found a gate to the Realm of Zot.
 42393 | Depths:4 | Noticed a golden dragon
 42394 | Depths:4 | 42394 ||| INVOKING Heroism.
 42411 | Depths:4 | Reached skill level 12 in Throwing
 42421 | Depths:4 | Killed a golden dragon
 42461 | Depths:4 | 42461 ||| INVOKING Heroism.
 42541 | Depths:4 | 42541 ||| Stepping ~*~*~tactically~*~*~ (hiding).
 42948 | Depths:4 | 42948 ||| PLANNING VAULTS:5
 43243 | Vaults:5 | Entered Level 5 of the Vaults
 43252 | Vaults:5 | 43252 ||| STAIRDANCE
 43300 | Vaults:5 | 43300 ||| STAIRDANCE
 43304 | Vaults:4 | 43304 ||| INVOKING Heroism.
 43361 | Vaults:5 | 43361 ||| STAIRDANCE
 43381 | Vaults:5 | 43381 ||| STAIRDANCE
 43404 | Vaults:5 | 43404 ||| Stepping ~*~*~tactically~*~*~ (hiding).
 43405 | Vaults:5 | 43405 ||| Stepping ~*~*~tactically~*~*~ (hiding).
 43408 | Vaults:5 | 43408 ||| Stepping ~*~*~tactically~*~*~ (hiding).
 43415 | Vaults:5 | Reached skill level 22 in Fighting
 43450 | Vaults:5 | 43450 ||| INVOKING Heroism.
 43451 | Vaults:5 | 43451 ||| Stepping ~*~*~tactically~*~*~ (hiding).
 43452 | Vaults:5 | 43452 ||| Stepping ~*~*~tactically~*~*~ (hiding).
 43453 | Vaults:5 | 43453 ||| Stepping ~*~*~tactically~*~*~ (stealth).
 43454 | Vaults:5 | 43454 ||| Stepping ~*~*~tactically~*~*~ (hiding).
 43454 | Vaults:5 | Noticed a golden dragon
 43455 | Vaults:5 | 43455 ||| INVOKING Finesse.
 43463 | Vaults:5 | 43463 ||| Stepping ~*~*~tactically~*~*~ (hiding).
 43477 | Vaults:5 | Killed a golden dragon
 43493 | Vaults:5 | Reached XP level 24. HP: 129/168 MP: 27/30
 43520 | Vaults:5 | 43520 ||| INVOKING Heroism.
 43527 | Vaults:5 | 43527 ||| Stepping ~*~*~tactically~*~*~ (hiding).
 43551 | Vaults:5 | 43551 ||| Stepping ~*~*~tactically~*~*~ (stealth).
 43552 | Vaults:5 | 43552 ||| Stepping ~*~*~tactically~*~*~ (stealth).
 43554 | Vaults:5 | 43554 ||| Stepping ~*~*~tactically~*~*~ (hiding).
 43593 | Vaults:5 | Got a silver rune of Zot
 43594 | Vaults:5 | Identified the +8 morningstar "Tanocopt" {heavy, Int+6}
 43602 | Vaults:5 | 43602 ||| Stepping ~*~*~tactically~*~*~ (stealth).
 43603 | Vaults:5 | 43603 ||| Stepping ~*~*~tactically~*~*~ (stealth).
 43659 | Vaults:5 | 43659 ||| Stepping ~*~*~tactically~*~*~ (stealth).
 43716 | Vaults:5 | 43716 ||| INVOKING Heroism.
 43717 | Vaults:5 | 43717 ||| INVOKING Finesse.
 43734 | Vaults:5 | Reached skill level 21 in Armour
 43743 | Vaults:5 | Received a gift from Okawaru
 43818 | Vaults:5 | 43818 ||| INVOKING Heroism.
 43824 | Vaults:5 | Received a gift from Okawaru
 43847 | Vaults:5 | Noticed an ancient lich
 43848 | Vaults:5 | 43848 ||| INVOKING Finesse.
 43861 | Vaults:5 | Killed an ancient lich
 43912 | Vaults:5 | 43912 ||| INVOKING Heroism.
 43930 | Vaults:5 | 43930 ||| Stepping ~*~*~tactically~*~*~ (hiding).
 43943 | Vaults:5 | Received a gift from Okawaru
 43954 | Vaults:5 | 43954 ||| Stepping ~*~*~tactically~*~*~ (hiding).
 43957 | Vaults:5 | 43957 ||| INVOKING Heroism.
 43958 | Vaults:5 | 43958 ||| INVOKING Finesse.
 43968 | Vaults:5 | Received a gift from Okawaru
 44033 | Vaults:5 | 44033 ||| INVOKING Heroism.
 44034 | Vaults:5 | Noticed a dread lich
 44052 | Vaults:5 | Killed a dread lich
 44078 | Vaults:5 | 44078 ||| INVOKING Heroism.
 44137 | Vaults:5 | 44137 ||| Stepping ~*~*~tactically~*~*~ (hiding).
 44138 | Vaults:5 | 44138 ||| Stepping ~*~*~tactically~*~*~ (hiding).
 44139 | Vaults:5 | 44139 ||| Stepping ~*~*~tactically~*~*~ (hiding).
 44140 | Vaults:5 | 44140 ||| Stepping ~*~*~tactically~*~*~ (hiding).
 44142 | Vaults:5 | 44142 ||| INVOKING Heroism.
 44189 | Vaults:5 | Identified the +7 orcbow of the Shouting Rat {flame, *Slow
                  | rF+ Dex+2}
 44197 | Vaults:5 | 44197 ||| Stepping ~*~*~tactically~*~*~ (hiding).
 44198 | Vaults:5 | 44198 ||| Stepping ~*~*~tactically~*~*~ (hiding).
 44209 | Vaults:5 | 44209 ||| INVOKING Heroism.
 44211 | Vaults:5 | Received a gift from Okawaru
 44256 | Vaults:5 | 44256 ||| READING scroll of enchant armour.
 44256 | Vaults:5 | 44256 ||| ENCHANTING +8 plate armour of poison resistance.
 44272 | Vaults:5 | 44272 ||| Stepping ~*~*~tactically~*~*~ (stealth).
 44434 | Vaults:5 | Reached skill level 23 in Fighting
 44458 | Vaults:5 | Identified the +1 scale mail "Renu" {Rampage Dex+3 SInv}
 44548 | Vaults:5 | Identified the +8 hand crossbow of Ohays {freeze, Str+6
                  | Stlth+}
 44682 | Vaults:5 | 44682 ||| Stepping ~*~*~tactically~*~*~ (hiding).
 44919 | Vaults:5 | 44919 ||| PLANNING SHOPPING SPREE
 44919 | Vaults:5 | 44919 ||| DROPPING +0 pair of gloves of dexterity.
 45493 | Snake:2  | 45493 ||| BUYING ring of resist corrosion (320 gold).
 45493 | Snake:2  | Bought a ring of resist corrosion for 320 gold pieces
 45879 | Orc:2    | 45879 ||| PLANNING ZOT:1-4
 46179 | Zot:1    | Entered Level 1 of the Realm of Zot
 46298 | Zot:1    | Found a hide-covered altar of Uskayaw.
 46370 | Zot:1    | Received a gift from Okawaru
 46394 | Zot:1    | Gained mutation: You sometimes lose your temper in combat.
                  | [mutagenic glow]
 46410 | Zot:1    | Gained mutation: Your body sometimes deteriorates upon
                  | taking damage. [mutagenic glow]
 46417 | Zot:1    | Gained mutation: You are vulnerable to heat. (rF-)
                  | [mutagenic glow]
 46418 | Zot:1    | 46418 ||| DRINKING 9 potions of mutation.
 46418 | Zot:1    | Lost mutation: Your muscles are strong. (Str +4, Int/Dex
                  | -1) [potion of mutation]
 46418 | Zot:1    | Lost mutation: Your body sometimes deteriorates upon taking
                  | damage. [potion of mutation]
 46418 | Zot:1    | Gained mutation: You have very sharp teeth. [potion of
                  | mutation]
 46418 | Zot:1    | Gained mutation: You have an uncontrollable temper. [potion
                  | of mutation]
 46419 | Zot:1    | 46419 ||| DRINKING 8 potions of mutation.
 46419 | Zot:1    | Lost mutation: You are vulnerable to heat. (rF-) [potion of
                  | mutation]
 46419 | Zot:1    | Lost mutation: You have very sharp teeth. [potion of
                  | mutation]
 46419 | Zot:1    | Lost mutation: You have an uncontrollable temper. [potion
                  | of mutation]
 46419 | Zot:1    | Gained mutation: Your mind is acute. (Int +4, Str/Dex -1)
                  | [potion of mutation]
 46419 | Zot:1    | Gained mutation: You have a pair of small antennae on your
                  | head. [potion of mutation]
 46420 | Zot:1    | 46420 ||| DRINKING 7 potions of mutation.
 46420 | Zot:1    | Lost mutation: You have a pair of small antennae on your
                  | head. [potion of mutation]
 46420 | Zot:1    | Lost mutation: Your mind is acute. (Int +4, Str/Dex -1)
                  | [potion of mutation]
 46420 | Zot:1    | Gained mutation: You have an uncontrollable temper. [potion
                  | of mutation]
 46420 | Zot:1    | Gained mutation: Your magical capacity is low. (-10% MP)
                  | [potion of mutation]
 46420 | Zot:1    | Gained mutation: You are agile. (Dex +4, Str/Int -1)
                  | [potion of mutation]
 46420 | Zot:1    | Gained mutation: Your mind is acute. (Int +4, Str/Dex -1)
                  | [potion of mutation]
 46421 | Zot:1    | 46421 ||| DRINKING 6 potions of mutation.
 46421 | Zot:1    | Lost mutation: You have an uncontrollable temper. [potion
                  | of mutation]
 46421 | Zot:1    | Lost mutation: Your mind is acute. (Int +4, Str/Dex -1)
                  | [potion of mutation]
 46421 | Zot:1    | Gained mutation: You have sharp toenails. [potion of
                  | mutation]
 46422 | Zot:1    | 46422 ||| DRINKING 5 potions of mutation.
 46422 | Zot:1    | Lost mutation: You have sharp toenails. [potion of
                  | mutation]
 46422 | Zot:1    | Lost mutation: You sometimes lose your temper in combat.
                  | [potion of mutation]
 46422 | Zot:1    | Gained mutation: You are weak. (Str -2) [potion of
                  | mutation]
 46422 | Zot:1    | Gained mutation: You are very weak. (Str -4) [potion of
                  | mutation]
 46426 | Zot:1    | 46426 ||| Stepping ~*~*~tactically~*~*~ (stealth).
 46427 | Zot:1    | 46427 ||| Stepping ~*~*~tactically~*~*~ (stealth).
 46428 | Zot:1    | Gained mutation: Armour fits poorly on your strangely
                  | shaped body. [mutagenic glow]
 46438 | Zot:1    | 46438 ||| Stepping ~*~*~tactically~*~*~ (hiding).
 46439 | Zot:1    | 46439 ||| Stepping ~*~*~tactically~*~*~ (hiding).
 46440 | Zot:1    | 46440 ||| INVOKING Heroism.
 46451 | Zot:1    | Gained mutation: Your magical capacity is very low. (-20%
                  | MP) [mutagenic glow]
 46461 | Zot:1    | 46461 ||| Stepping ~*~*~tactically~*~*~ (hiding).
 46463 | Zot:1    | Gained mutation: You are vulnerable to cold. (rC-)
                  | [mutagenic glow]
 46470 | Zot:1    | Received a gift from Okawaru
 46537 | Zot:1    | 46537 ||| DRINKING 4 potions of mutation.
 46537 | Zot:1    | Lost mutation: You are vulnerable to cold. (rC-) [potion of
                  | mutation]
 46537 | Zot:1    | Lost mutation: You are very weak. (Str -4) [potion of
                  | mutation]
 46537 | Zot:1    | Gained mutation: You possess an exceptional clarity of
                  | mind. [potion of mutation]
 46537 | Zot:1    | Gained mutation: You are robust. (+10% HP) [potion of
                  | mutation]
 46550 | Zot:1    | 46550 ||| DRINKING 3 potions of mutation.
 46550 | Zot:1    | Lost mutation: You are robust. (+10% HP) [potion of
                  | mutation]
 46550 | Zot:1    | Lost mutation: Armour fits poorly on your strangely shaped
                  | body. [potion of mutation]
 46550 | Zot:1    | Lost mutation: You are weak. (Str -2) [potion of mutation]
 46550 | Zot:1    | Gained mutation: You have a pair of small horns on your
                  | head. [potion of mutation]
 46550 | Zot:1    | Gained mutation: Your muscles are strong. (Str +4, Int/Dex
                  | -1) [potion of mutation]
 46578 | Zot:1    | 46578 ||| Stepping ~*~*~tactically~*~*~ (stealth).
 46645 | Zot:1    | 46645 ||| Stepping ~*~*~tactically~*~*~ (hiding).
 46651 | Zot:1    | 46651 ||| INVOKING Heroism.
 46767 | Zot:1    | 46767 ||| INVOKING Heroism.
 46801 | Zot:1    | 46801 ||| INVOKING Heroism.
 47268 | Zot:1    | 47268 ||| DROPPING +2 helmet "Usaitsoda" {Str+3}.
 47269 | Zot:1    | 47269 ||| DROPPING +2 helmet of see invisible.
 47398 | Zot:2    | 47398 ||| Stepping ~*~*~tactically~*~*~ (stealth).
 47400 | Zot:2    | 47400 ||| Stepping ~*~*~tactically~*~*~ (hiding).
 47403 | Zot:2    | 47403 ||| INVOKING Heroism.
 47576 | Zot:2    | Noticed Parghit
 47580 | Zot:2    | 47580 ||| INVOKING Heroism.
 47604 | Zot:2    | HP: 32/171 [Parghit (24)]
 47605 | Zot:2    | 47605 ||| READING 6 scrolls of teleportation.
 47606 | Zot:2    | 47606 ||| DRINKING 9 potions of heal wounds.
 47609 | Zot:2    | 47609 ||| DRINKING 8 potions of heal wounds.
 47609 | Zot:2    | HP: 7/171 [Parghit (29)]
 47610 | Zot:2    | 47610 ||| DRINKING 7 potions of heal wounds.
 47611 | Zot:2    | 47611 ||| DRINKING 6 potions of heal wounds.
 47613 | Zot:2    | 47613 ||| DRINKING 5 potions of heal wounds.
 47614 | Zot:2    | 47614 ||| DRINKING 4 potions of heal wounds.
 47614 | Zot:2    | HP: 22/171 [Parghit (29)]
 47615 | Zot:2    | 47615 ||| DRINKING 3 potions of heal wounds.
 47615 | Zot:2    | HP: 10/171 [Parghit (43)]
 47616 | Zot:2    | 47616 ||| DRINKING 2 potions of heal wounds.
 47617 | Zot:2    | 47617 ||| DRINKING potion of heal wounds.
 47696 | Zot:2    | 47696 ||| INVOKING Heroism.
 47699 | Zot:2    | 47699 ||| Stepping ~*~*~tactically~*~*~ (hiding).
 47704 | Zot:2    | Reached XP level 25. HP: 66/176 MP: 23/24
 47711 | Zot:2    | 47711 ||| Stepping ~*~*~tactically~*~*~ (hiding).
 47712 | Zot:2    | 47712 ||| Stepping ~*~*~tactically~*~*~ (hiding).
 47724 | Zot:2    | 47724 ||| FLEEEEING.
 47725 | Zot:2    | 47725 ||| STAIRDANCE
 47965 | Zot:2    | 47965 ||| INVOKING Heroism.
 48158 | Zot:2    | 48158 ||| Stepping ~*~*~tactically~*~*~ (hiding).
 48270 | Zot:2    | 48270 ||| Stepping ~*~*~tactically~*~*~ (stealth).
 48271 | Zot:2    | 48271 ||| Stepping ~*~*~tactically~*~*~ (stealth).
 48273 | Zot:2    | 48273 ||| INVOKING Heroism.
 48313 | Zot:2    | HP: 29/172 [Parghit (20)]
 48314 | Zot:2    | 48314 ||| READING 5 scrolls of teleportation.
 48324 | Zot:2    | HP: 18/172 [Parghit (21)]
 48325 | Zot:2    | HP: 7/172 [white draconian stormcaller/divine providence
                  | (12)]
 48328 | Zot:2    | Slain by a black draconian

Levels and vault maps discovered:
D:1:      heliophobic_arrival_dark_side_of_the_moon, layout_rooms
D:2:      layout_basic, uniq_terence
D:3:      layout_loops_cross, nicolae_overflow_two_pavilions,
          basic_ecumenical_altar, uniq_natasha
D:4:      layout_gridville, portal_sewer_entry_f
D:5:      layout_basic, minmay_temple_entry_slanted, lemuel_flamethrower_1
D:6:      lemuel_ice_spiral_2, layout_rooms, grunt_temple_overflow_open,
          serial_shops, shop, uniq_duvessa
D:7:      layout_layer_cave, elyvilon_altar_3, lemuel_round_altar,
          kennysheep_generic_room_16
D:8:      layout_cave_pods, david_lair_shrubbed
D:9:      layout_small_grid, erik_orc_4, gammafunk_ghost_grave,
          lemuel_flamethrower_2
D:10:     gammafunk_the_bubble [the_bubble_gammafunk_split],
          layout_irregular_city, minmay_shop_grid_forest
D:11:     layout_loops_ring, uniq_erolcha
D:12:     layout_small_grid, portal_ice_cave_entry_animals_and_master
D:13:     evilmike_negative_zone, layout_layer_cave,
          ploomutoo_gammafunk_ghost_potion_laboratory
D:14:     layout_roguey, david_vaults_4, uniq_roxanne
D:15:     hangedman_depths_entry_try_elsewhere_first, layout_loops_ring,
          chequers_jeans
Temple:   nicolae_temple_bog_church
Lair:1:   layout_cave_pods, beast_lair_carwin_3, grunt_megastairs_2,
          lemuel_fruit_fields, lemuel_fruit_fields
Lair:2:   layout_gridlike, elwin_shoals_entry_rooms, forest_entry_grove,
          infiniplex_staircase_pool
Lair:3:   layout_roguey, minmay_snake_entry_guardpost_medium,
          nicolae_volcano_entry_two_sided, st_stairs_4
Lair:4:   layout_cave_pods
Lair:5:   grunt_lair_end_beastmaster, layout_misc_corridors,
          minmay_slime_entry_oklob_enclosed
Shoals:1: dreamdust_from_the_deep, layout_shoals, uniq_josephine
Shoals:2: layout_shoals
Shoals:3: layout_shoals
Shoals:4: shoals_end_grunt_ice, layout_shoals
Snake:1:  layout_chambers, special_room
Snake:2:  layout_layer_cave, corexii_hall_statues_x, minmay_shoptagon
Snake:3:  nicolae_snake_unarmed_stairs_patrol, layout_cave_shapes, basic_altar,
          grunt_megastairs_5, uniq_vashnia, uniq_jorgrun, uniq_aizul,
          uniq_azrael
Snake:4:  snake_pit_salamanders_mu, layout_cave_town, serial_shops, shop,
          drop_trap, lightli_airlock, minmay_shop_grove
Orc:1:    layout_caves
Orc:2:    pf_orc_diabolical, layout_caves, gammafunk_ghost_split, serial_shops,
          shop, chequers_guarded_unrand_ignorance
Vaults:1: ontoclasm_vaults_idyll, nicolae_vaults_network_periphery,
          vaults_room_corners, v_misc_24, v_misc_14,
          nicolae_vaults_offset_grid_hallway_1, nicolae_vaults_trapezoid_2,
          nicolae_vaults_turnstiles, nicolae_vaults_trapezoid_lopsided_3,
          nicolae_vaults_swerve, nicolae_vaults_trapezoid_lopsided_4,
          nicolae_vaults_door_testing_chamber, ontoclasm_vaults_shuriken,
          vaults_room_hallway, layout_vaults_ring, uniq_donald
Vaults:2: vaults_standard_mumra_enter_the_diamond, nicolae_vaults_weapon_check,
          v_misc_30, vaults_dpeg_cross, v_pattern_2, dpeg_vaults_monster_row,
          v_misc_17, vaults_room_pools, nicolae_vaults_security_offices_4,
          hangedman_vaults_slither, grunt_vaults_hallway_short,
          layout_vaults_omnicross, uniq_mara, uniq_margery, uniq_jory
Vaults:3: gammafunk_ghost_abyssal_escape, v_misc_2,
          nicolae_vaults_storage_closets_3, minmay_crypt_entry_simple_statues,
          vaults_mumra_hex, vaults_room_pool, nicolae_vaults_trapezoid_layered,
          nicolae_vaults_diagonal_hallway_7, ontoclasm_vaults_fault,
          nicolae_vaults_tetromino_L_1, layout_vaults_omnigrid, uniq_xtahua,
          uniq_bai_suzhen
Vaults:4: portal_desolation_entry_ruin, v_misc_9,
          nicolae_vaults_little_squares_6, nicolae_vaults_surprise_closet,
          nicolae_vaults_what_the_h, vaults_room_glass_cross, vaults_room_fours,
          vaults_dpeg_ring, nicolae_vaults_tetromino_L_1, nicolae_vaults_prndl,
          layout_vaults_big_room, serial_shops, shop, uniq_saint_roka
Vaults:5
Depths:1: layout_long_grid, enter_ziggurat_d, pf_hell_entry_tar_spiral,
          serial_sigils_hangedman_shear, grunt_qazlal_clouds, firewood_loft,
          infiniplex_staircase_pool_lava
Depths:2: cheibrodos_poisonous_passages, layout_gridville,
          rand_demon_pan_entry_3, ebering_ghost_xom,
          pf_vacation_house_of_asmodeus, minmay_misc_feat_doors, uniq_asterion
Depths:3: grunt_twisty_corner, layout_gridlike, okawaru_trees_2, hell_entry,
          serial_shops, bzr_in_the_mist, abyss_entry, kennysheep_cluttered_room
Depths:4: grunt_zot_entry_funnels, layout_gridlike, hell_entry
Zot:1:    layout_basic, basic_altar
Zot:2:    layout_gridlike, uniq_parghit

Skill      XL: |  1  2  3  4  5  6  7  8  9 10 11 12 13 14 15 16 17 18 19 20 21 22 23 24 25 |
---------------+----------------------------------------------------------------------------+-----
Axes           | 2 3 4 5 6 7 8 9 11 12 14 15 16 17 18 | 18.0
Dodging        | 1 2 3 4 5 6 8 9 10 11 | 11.0
Throwing       | 1 2 3 4 6 7 8 9 11 12 13 | 13.0
Fighting       | 4 6 7 8 9 10 11 12 13 15 16 18 19 20 22 23 | 23.4
Invocations    | 5 8 10 | 10.0
Armour         | 4 5 7 8 10 11 13 14 15 16 18 19 20 21 | 21.4
Shields        | 5 9 10 11 12 13 17 18 19 20 21 22 | 22.0

Action                     |  1- 3 |  4- 6 |  7- 9 | 10-12 | 13-15 | 16-18 | 19-21 | 22-24 | 25-27 || total
---------------------------+-------+-------+-------+-------+-------+-------+-------+-------+-------++-------
  Melee: War axe           |    30 |       |       |       |       |       |       |       |       ||    30
         Broad axe         |    24 |   149 |   126 |   353 |  1249 |  1179 |  1400 |  1434 |   132 ||  6046
         Mace              |       |       |       |    15 |       |       |       |       |       ||    15
         Morningstar       |       |       |       |       |     7 |       |       |       |       ||     7
         Headbutt          |       |       |       |       |       |       |       |    39 |    53 ||    92
  Throw: Javelin           |       |    31 |     8 |    42 |   148 |    78 |    81 |    77 |     5 ||   470
         Boomerang         |       |       |    17 |    44 |    34 |    26 |    87 |    41 |       ||   249
 Invoke: Heroism           |       |       |     6 |    17 |    26 |    30 |    13 |    40 |     2 ||   134
         Finesse           |       |       |       |     2 |     6 |     4 |    10 |     8 |       ||    30
    Use: Scroll            |     5 |     7 |     6 |     4 |    13 |     8 |       |     4 |     1 ||    48
         Potion            |     1 |     2 |     5 |     2 |     3 |     3 |     2 |    17 |       ||    35
   Stab: Distracted        |       |       |       |       |     1 |       |       |       |       ||     1
 Armour: Scale mail        |    25 |    15 |       |       |       |       |       |       |       ||    40
         Chain mail        |       |    90 |    91 |   190 |   261 |       |       |       |       ||   632
         Plate armour      |       |       |       |       |   503 |   545 |   292 |   552 |    64 ||  1956
  Dodge: Dodged            |    12 |    75 |    55 |   112 |   398 |   317 |   204 |   328 |    59 ||  1560
  Block: Buckler           |    12 |    35 |    38 |       |       |       |       |       |       ||    85
         Kite shield       |       |       |     6 |   199 |   739 |   163 |       |       |       ||  1107
         Tower shield      |       |       |       |       |       |   868 |   886 |  1180 |   146 ||  3080
         Reflection        |       |       |       |       |       |   101 |       |       |       ||   101

Table legend:
 A = Non-vault XP
 B = Vault XP
 C = Vault XP percentage of total XP
 D = Non-vault monster count
 E = Vault monster count
 F = Vault count percentage of total count
                 A         B        C        D         E       F
            +---------+---------+-------+---------+---------+-------
      Total |  473774 |  513020 |  52.0 |    1036 |     716 |  40.9
            +---------+---------+-------+---------+---------+-------
        D:1 |      25 |       0 |   0.0 |      15 |       0 |   0.0
        D:2 |      57 |      36 |  38.7 |      23 |       1 |   4.2
        D:3 |     146 |      36 |  19.8 |      24 |       1 |   4.0
        D:4 |      72 |       8 |  10.0 |      11 |       4 |  26.7
        D:5 |     548 |       0 |   0.0 |      16 |       0 |   0.0
        D:6 |     932 |     201 |  17.7 |      21 |       2 |   8.7
        D:7 |    1027 |       3 |   0.3 |       4 |       1 |  20.0
        D:8 |     710 |     367 |  34.1 |       9 |       1 |  10.0
        D:9 |    1498 |     521 |  25.8 |      18 |      18 |  50.0
       D:10 |    2313 |       0 |   0.0 |      14 |       0 |   0.0
       D:11 |    2645 |     854 |  24.4 |      21 |       1 |   4.5
       D:12 |    8377 |    2000 |  19.3 |      23 |       8 |  25.8
       D:13 |    4806 |   22000 |  82.1 |      19 |      46 |  70.8
       D:14 |    8302 |    3883 |  31.9 |      18 |       5 |  21.7
       D:15 |    6752 |    2902 |  30.1 |      15 |       4 |  21.1
     Lair:1 |    5396 |    1560 |  22.4 |      19 |       7 |  26.9
     Lair:2 |    5004 |    2092 |  29.5 |      22 |       9 |  29.0
     Lair:3 |    6448 |    1627 |  20.1 |      21 |       7 |  25.0
     Lair:4 |   11355 |       0 |   0.0 |      36 |       0 |   0.0
     Lair:5 |    5773 |   10697 |  64.9 |      20 |      23 |  53.5
   Shoals:1 |   14013 |   10151 |  42.0 |      30 |      14 |  31.8
   Shoals:2 |   17230 |       0 |   0.0 |      41 |       0 |   0.0
   Shoals:3 |   18903 |       0 |   0.0 |      38 |       0 |   0.0
   Shoals:4 |   17778 |   22340 |  55.7 |      38 |      37 |  49.3
    Snake:1 |   20401 |       0 |   0.0 |      38 |       0 |   0.0
    Snake:2 |   12770 |       0 |   0.0 |      28 |       0 |   0.0
    Snake:3 |   15128 |   22660 |  60.0 |      30 |      37 |  55.2
    Snake:4 |   10741 |   27501 |  71.9 |      24 |      45 |  65.2
      Orc:1 |    2241 |       0 |   0.0 |       9 |       0 |   0.0
      Orc:2 |    2390 |   15126 |  86.4 |      45 |      59 |  56.7
   Vaults:1 |   39572 |   10933 |  21.6 |      64 |      16 |  20.0
   Vaults:2 |   23744 |   41528 |  63.6 |      33 |      43 |  56.6
   Vaults:3 |   25458 |   24017 |  48.5 |      35 |      24 |  40.7
   Vaults:4 |   26086 |   31756 |  54.9 |      42 |      45 |  51.7
   Vaults:5 |   24787 |   93237 |  79.0 |      35 |      76 |  68.5
   Depths:1 |   24381 |       0 |   0.0 |      33 |       0 |   0.0
   Depths:2 |   17107 |   17566 |  50.7 |      19 |      20 |  51.3
   Depths:3 |   14145 |   93433 |  86.9 |      18 |      74 |  80.4
   Depths:4 |   17230 |   21239 |  55.2 |      18 |      16 |  47.1
      Zot:1 |   31036 |       0 |   0.0 |      27 |       0 |   0.0
      Zot:2 |   26447 |       0 |   0.0 |      22 |       0 |   0.0
      Sewer |       0 |     108 | 100.0 |       0 |       8 | 100.0
 Desolation |       0 |   32638 | 100.0 |       0 |      64 | 100.0
            +---------+---------+-------+---------+---------+-------
